Workbook
Name Dimensión: #REF!
Name Iniciativas_Objetivo1: #REF!
Name Iniciativas_Objetivo10: #REF!
Name Iniciativas_Objetivo11: #REF!
Name Iniciativas_Objetivo12: #REF!
Name Iniciativas_Objetivo13: #REF!
Name Iniciativas_Objetivo2: #REF!
Name Iniciativas_Objetivo3: #REF!
Name Iniciativas_Objetivo4: #REF!
Name Iniciativas_Objetivo5: #REF!
Name Iniciativas_Objetivo6: #REF!
Name Iniciativas_Objetivo7: #REF!
Name Iniciativas_Objetivo8: #REF!
Name Iniciativas_Objetivo9: #REF!
Name Objetivos_Estratégicos: #REF!

Sheet PAI
D1: FORMATO PLAN DE ACCIÓN INSTITUCIONAL PROCESO GOBIERNO Y GESTIÓN DE LA ESTRATEGIA MACROPROCESO DIRECCIONAMIENTO ESTRATÉGICO | P1: Código: F-DE2-118 Versión No.: 06 Vigencia desde: 26 – 09- 2023
A4: PLAN DE ACCIÓN INSTITUCIONAL (PAI) 2024 SOCIEDAD DE ACTIVOS ESPECIALES S.A.S.
A6: Alineación estratégica y táctica | E6: Alineación Operativa | H6: Información del área que ejecuta la acción | K6: Clasificación de indicadores | N6: Información complementaria del indicador | R6: Seguimiento cuantitativo del indicador | U6: Alerta de desempeño al corte evaluado | W6: Análisis cualitativo del indicador
A7: ID | B7: Dimensión | C7: Objetivos estratégicos | D7: Iniciativas | E7: Acciones | F7: Macroproceso | G7: Proceso | H7: Área responsable de la ejecución | I7: ¿Se toma en cuenta para la evaluación de desempeño? | J7: Nombre del indicador | K7: Clasificación por ubicación en la cadena de valor público | L7: Tipo de indicador | M7: Comportamiento del indicador | N7: Fórmula para medir el indicador | O7: Descripción del indicador | P7: << | Q7: Periodicidad del reporte | R7: Numerador | S7: Denominador | T7: Cumplimiento del indicador en el año | U7: % Meta T4 | V7: Cumplimiento del indicador a corte del trimestre evaluado | W7: Análisis del indicador | X7: Observaciones
A8: 1 | B8: Productiva, social y ambiental | C8: 01. Democratizar los activos administrados por la SAE a través de mecanismos de disposición temporal y definitiva que permitan la creación de valor público, social y ambiental; aporten al desarrollo territorial y productivo y garanticen la función social y ecológica de la propiedad. | D8: Garantizar la inclusión de comunidades, organizaciones sociales y economías populares en condición de vulnerabilidad en los mecanismos de administración existentes | E8: Permitir la inclusión de organizaciones comunitarias en el gerenciamiento de Sociedades Activas y/o establecimientos de comercio. | F8: Disposición Temporal | G8: Administración de Depósitos Provisionales | H8: Dirección de Gobierno, Control y Democratización de Sociedades | I8: SÍ | J8: Gerencias populares en Sociedades Activas y/o establecimientos de comercio | K8: Producto | L8: Eficacia | M8: Programación anual | N8: (Sociedades Activas y/o establecimientos de comercio con gerencias populares/Sociedades Activas y/o establecimientos de comercio priorizados para el gerenciamiento de organizaciones populares)*100% | O8: Objetivo del indicador: medir la inclusión de organizaciones comunitarias en el gerenciamiento de Sociedades Activas y/o establecimientos de comercio. Numerador: corresponde al número de Sociedades Activas y/o establecimientos de comercio con gerenciamiento de organizaciones populares y/o comunitarias. Denominador: son las Sociedades Activas y/o establecimientos de comercio priorizados por la Gerencia de Sociedades Activas para el gerenciamiento popular. | P8: 10 | Q8: Trimestral | R8: 10 | S8: 10 | T8: 1 | U8: 1 | V8: 1 | W8: Se asignan 8 organizaciones para Gerencia Popular de las cuales 8 tienen resolución de nombramiento y 2 tienen proyecto de acto administrativo: Con resolución: 1. TIENDA TUNNING 2. EMILY SPA 3. THE GREEN HOUSE 4. SANVAS INVERSIONES INMOBILIARIAS SAS 5. AUDIOVISUALES IMAGEN Y SONIDO S.A.S. 6. EL RANCHO DE LIZUT 7. BÉLLEGAL S.A.S. 8. CIA AGRICOLA DIAZ SOCIEDAD POR ACCIONES SIMPLIFICA Con proyecto en revisión: 1. EDS EL MIRADOR PIENDAMO 2. HOTEL CASA SOLEDAD
A9: 2 | B9: Productiva, social y ambiental | C9: 01. Democratizar los activos administrados por la SAE a través de mecanismos de disposición temporal y definitiva que permitan la creación de valor público, social y ambiental; aporten al desarrollo territorial y productivo y garanticen la función social y ecológica de la propiedad. | D9: Adelantar entrega de activos por mecanismos de disposición temporal y/o definitiva, priorizando los procesos productivos, sociales, ambientales, así como la atención ante emergencias y desastres producto de fenómenos de variabilidad climática | E9: Democratizar inmuebles rurales sociales para el formento de la economía popular, la reforma agraria o el valor público, social y ambiental. | F9: Disposición Temporal Disposición Final | G9: Administración directa Administración de destinación provisional Otras modalidades de disposición final | H9: Dirección de Gobierno, Control y Democratización de Sociedades | I9: SÍ | J9: Tierras sociales para la paz | K9: Producto | L9: Eficacia | M9: Programación anual | N9: (Número de hectáreas de inmuebles sociales democratizadas en el marco de la estrategia de tierras para la paz/ Número de hectáreas de inmuebles sociales programadas para entrega en la vigencia)*100% | O9: Objetivo del indicador: medir el grado de avance de entrega de tierras sociales para la paz bajo los mecanismos establecidos. Numerador: corresponde al número de hectáreas de inmuebles sociales entregadas mediante transferencias definitivas de inmuebles sociales extintos, ventas a la ANT, entrega de derechos de uso u otros esquemas de administración, que cuenten con acto administrativo o figura jurídica suscrita. Denominador: corresponde al número de hectáreas de inmuebles sociales programados para entrega en la vigencia 2024 que fomenten la economía popular, la reforma agraria y en general el programa de acceso a tierras. | P9: 67468 | Q9: Trimestral | R9: 10004 | S9: 67468 | T9: 0.1482777 | U9: 1 | V9: 0.1482777 | W9: Se finalizaron las actividades de alistamiento administrativo y jurídico, necesarias para proceder con la venta de los predios, de 9152.4611 Hectareas. AGRICOLA PALMARES S.A.S. 1186.6782 CREACIONES YOGUI LIMITADA EN LIQUIDACION 721.2975 IMPORTADORA HEES SA 434.900 INVERSIONES CAMACHO ESTUPINAN Y CIA S EN C - EN LIQUIDACION 4870.856 INVERSIONES MACARNIC PATIÑO Y CIA. S. EN C.S. EN LIQUIDACION 804 SANTA SOFIA DE LOS GANADEROS LIMITADA - EN LIQUIDACION 781.5214 BIO FORESTAL S.A.S. - EN LIQUIDACIÓN 27.225 GANADERIA PRIMAVERA DEL NORTE LTDA. EN LIQUIDACION- GAPRINORTE LTDA 68.773 HATO NUEVO LTDA EN LIQUIDACION 254.948 INVERSIONES AGROVALLE LIMITADA 2.3216 Así mismo, se hizo la entrega de bienes al Fondo para la reparación a las víctimas, con inmuebles correspondientes a 854 Hectareas y 10,772.46 M2. | X9: Esta Dirección solicita el ajuste del indicador teniendo en cuenta que la responsabilidad de la venta de bienes a la ANT es de la Gerencia de Comercialización de Activos Sociales.
A10: 3 | B10: Productiva, social y ambiental | C10: 01. Democratizar los activos administrados por la SAE a través de mecanismos de disposición temporal y definitiva que permitan la creación de valor público, social y ambiental; aporten al desarrollo territorial y productivo y garanticen la función social y ecológica de la propiedad. | D10: Adelantar entrega de activos por mecanismos de disposición temporal y/o definitiva, priorizando los procesos productivos, sociales, ambientales, así como la atención ante emergencias y desastres producto de fenómenos de variabilidad climática | E10: Realizar o actualizar fichas técnicas de caracterización de Inmuebles Rurales para procesos de disposición final gratuita con enfoque social y productivo | F10: Diagnóstico y Alistamiento | G10: Diagnóstico de Activos | H10: Dirección para la Democratización de Activos Inmuebles Rurales | I10: SÍ | J10: Fichas Técnicas de caracterización de Inmuebles Rurales para procesos de disposición final gratuita con enfoque social y productivo | K10: Gestión | L10: Eficacia | M10: Demanda | N10: (Folios de Matrícula Inmobiliaria de inmuebles rurales con ficha de caracterización para disposición final gratuita/ Folios de Matrícula Inmobiliaria de inmuebles con viabilidad para disposición final gratuita) *100% | O10: Objetivo del indicador: medir el proceso de caracterización técnica de inmuebles rurales para disponerlos de manera definitiva y gratuita definidas en la ley. Numerador: corresponde al número de folios de matrícula rurales que cuentan con fichas de caracterización predial elaboradas o actualizadas para el proceso de disposición definitiva y gratuita. Denominador: corresponde al número de folios de matrícula de inmuebles rurales que cuentan con un concepto jurídico favorable para disposición final gratuita favorable. | P10: 1 | Q10: Trimestral | R10: 353 | S10: 326 | T10: 1 | U10: 1 | V10: 1 | W10: Durante el ultimo trimestre se reportaron un total de 17 folios de matricula (numerador). Es importante precisar que se presenta una disminución frente a los otros periodos teniendo en cuenta que durante este lapso de tiempo se priorizaron actividades tales como entregas definitivas por concepto de venta y destinación a entidades como la ANT, las cuales aumentaron su demanda durante este período. Sumado a lo anterior, se precisa que algunas de las fichas de caracterización solicitadas, que aún se encuentran pendientes por entregar, presentan limitación en su elaboración por factores tales como: normas de uso (todas fueron solicitadas, se encuentra en espera de la respuesta), visitas técnicas, saneamiento catastral, POTS y/o EOTS que permitan establecer con certeza el uso actual y permitido de los predios solicitados. Durante el ultimo trimestre del año 2024, se identifican un total de 253 conceptos jurídicos viables para transferencia. Es importante resaltar que estos conceptos fueron allegados por la Dirección de Asuntos Legales Misionales por medio de memorando interno el día 28 de octubre de 2024, el cual contenía un masivo de conceptos y muchos de ellos correspondían a actualizaciones de viabilidades jurídicas que ya habían sido aportadas en meses anteriores (es decir ya se habían entregado al área de Asuntos Legales Misionales, incluso recae sobre 28 FMI que ya cuentan con acto administrativo de transferencia). Lo anterior se resalta dado que en este indicador se observa una gran diferencia con el numerador aportado, no queriendo decir que los 253 conceptos no cuenten con ficha técnica de caracterización, ya que de estos 207 cuentan con la ficha técnica correspondiente, es decir los que se encuentran pendientes por ficha de caraterizacion a a la fecha son 46 FMI (el cual reportaremos como denominador).
A11: 4 | B11: Productiva, social y ambiental | C11: 01. Democratizar los activos administrados por la SAE a través de mecanismos de disposición temporal y definitiva que permitan la creación de valor público, social y ambiental; aporten al desarrollo territorial y productivo y garanticen la función social y ecológica de la propiedad. | D11: Adelantar entrega de activos por mecanismos de disposición temporal y/o definitiva, priorizando los procesos productivos, sociales, ambientales, así como la atención ante emergencias y desastres producto de fenómenos de variabilidad climática | E11: Presentar casos de destinación definitiva de inmuebles rurales, priorizando aquellos que contribuyen a la reforma agraria, al fomento de la economía popular y a la generación de valor público, social o ambiental. | F11: Disposición Final | G11: Otras modalidades de disposición final | H11: Dirección para la Democratización de Activos Inmuebles Rurales | I11: SÍ | J11: Trámite de destinaciones definitivas de Inmuebles Rurales | K11: Gestión | L11: Eficacia | M11: Demanda | N11: (Número de folios de matrícula de inmuebles rurales presentados para destinación definitiva / Número de folios de matrícula viables para destinaciones definitivas) *100% | O11: Objetivo del indicador: medir la presentación de folios de matrícula de inmuebles rurales para el mecanismo de destinación definitiva gratuita prevista en la ley. Numerador: total de folios de matrícula de inmuebles rurales viables jurídicamente que cuentan con solicitud de elaboración de acto administrativo de destinación definitiva gratuita. Denominador: corresponde a los folios de matrícula de inmuebles rurales con solicitudes de destinación definitiva de inmuebles rurales que se consideran viables de acuerdo con la metodología y procedimientos. Observación: se hace necesario indicar en el análisis del indicador, las destinaciones definitivas aprobadas como insumo para la medición de la macrometa estratégica "Destinaciones de inmuebles al fomento de la economía popular y reforma agraria" | P11: 1 | Q11: Trimestral | R11: 247 | S11: 215 | T11: 1 | U11: 1 | V11: 1 | W11: Durante el cuarto trimestre, se recibieron un total de 33 solicitudes (numerador) de transferencia definitiva, de las cuales 19 ya relacionan solicitud en Dirección de Asuntos Legales Misionales para elaboración de acto administrativo ncorrespondiente, 4 se encuentran en saneamiento jurídico, 1 se encuentra no viable, y 9 se encuentran en proceso de elaboración de acto administrativo. El total folios de matrícula de inmuebles rurales con solicitudes de destinación definitiva de inmuebles rurales que se consideran viables es de 32 (denominador). Es preciso indicar que para el tercer trimestre de 2024 se reportó la cifra solicitada tomando en cuenta las descripciones de numerador y denominador dadas en la columna O, siendo estas distintas a la fórmula del indicador dada en la columna N, toda vez que, de la manera en la que se reportó, la cifra se encontraba sujeta a que sobre los FMI existiera solicitud de transferencia definitiva. Por lo anterior, la cifra acumulada reportada en el tercer trimestre de 2024 fue de 153 como numerador y 158 como denominador. Sin embargo, es preciso acotar que de haberse tomado como se señala en la fórmula del indicador, esto es en la columna N, alno ser una cifra condicionada a la existencia de solicitud el valor para ese trimestre sería de 214 sobre 184,
A12: 5 | B12: Productiva, social y ambiental | C12: 01. Democratizar los activos administrados por la SAE a través de mecanismos de disposición temporal y definitiva que permitan la creación de valor público, social y ambiental; aporten al desarrollo territorial y productivo y garanticen la función social y ecológica de la propiedad. | D12: Adelantar entrega de activos por mecanismos de disposición temporal y/o definitiva, priorizando los procesos productivos, sociales, ambientales, así como la atención ante emergencias y desastres producto de fenómenos de variabilidad climática | E12: Presentar casos de destinación provisional de inmuebles rurales, priorizando aquellos que contribuyen a la reforma agraria, al fomento de la economía popular y a la generación de valor público, social o ambiental. | F12: Disposición Temporal | G12: Administración de destinación provisional | H12: Dirección para la Democratización de Activos Inmuebles Rurales | I12: SÍ | J12: Trámite de destinaciones provisionales de Inmuebles Rurales | K12: Gestión | L12: Eficacia | M12: Demanda | N12: (Número de folios de matrícula de Inmuebles rurales presentados a Comité/ Número de folios de matrícula con solicitudes de destinaciones provisionales viables) *100% | O12: Objetivo del indicador: medir la presentación de inmuebles rurales para destinación provisional ante el Comité de Depositarios, Destinatarios, Mandatarios y Liquidadores. Numerador: total de folios de matrícula de inmuebles rurales presentadas al Comité de Depositarios, Destinatarios, Mandatarios y Liquidadores para aprobación del mecanismo de destinación provisional. Denominador: corresponde al número de folios de matrícula que se consideran viables para presentar al Comité de Depositarios, Destinatarios, Mandatarios y Liquidadores con el fin de que se considere la aprobación de la destinación provisional. Observación: se hace necesario indicar en el análisis del indicador, las destinaciones provisionales aprobadas como insumo para la medición de la macrometa estratégica "Destinaciones de inmuebles al fomento de la economía popular y la reforma agraria" | P12: 1 | Q12: Trimestral | R12: 58 | S12: 58 | T12: 1 | U12: 1 | V12: 1 | W12: Se precisa que para el tercer trimestre de 2024 se presentaron un total de 15 FMI para destinación provisional ante Comité de Depositarios, Destinatarios, Mandatarios y Liquidadores, los cuales fueron aprobados en su totalidad. | X12: Es preciso indicar que el número de folios de matrícula inmobiliaria aprobados ante el Comité de Depositarios Provisionales, Mandatarios y Liquidadores para asignación a través del mecanismo de destinación provisional es sujeto a variación, en el entendido de que, en ocasiones, las organizaciones realizan un alcance a su petición inicial solicitando el cambio de folios para un número menor o mayor, dependiendo la unidad económica que conformen los activos. Esto se debe a diferentes factores, como problemas de orden público y/o amenazas que afectan los derechos fundamentales de los miembros de las organizaciones, aspectos que imposibilitan la materialización de las destinaciones.
A13: 6 | B13: Productiva, social y ambiental | C13: 01. Democratizar los activos administrados por la SAE a través de mecanismos de disposición temporal y definitiva que permitan la creación de valor público, social y ambiental; aporten al desarrollo territorial y productivo y garanticen la función social y ecológica de la propiedad. | D13: Adelantar entrega de activos por mecanismos de disposición temporal y/o definitiva, priorizando los procesos productivos, sociales, ambientales, así como la atención ante emergencias y desastres producto de fenómenos de variabilidad climática | E13: Democratizar inmuebles urbanos para la educación pública | F13: Disposición Temporal | G13: Administración directa Administración de destinación provisional | H13: Dirección para la Democratización de Activos Inmuebles Urbanos | I13: SÍ | J13: Disposición temporal de inmuebles urbanos para la educación pública | K13: Producto | L13: Eficacia | M13: Demanda | N13: (Inmuebles urbanos aprobados para entrega en disposición temporal al fortalecimiento de la educación pública /Inmuebles urbanos solicitados para entrega en disposición temporal para el fortalecimiento de la educación pública)* 100% | O13: Objetivo del indicador: medir la asignacion de inmuebles urbanos bajo el mecanismo de disposición temporal para el fortalecimiento de la educación pública. Numerador: corresponden a los inmuebles urbanos aprobados por comité para su asignación bajo el mecanismo de disposición temporal a entidades o establecimientos públicos para el fortalecimiento de la educación pública Denominador: corresponde a los inmuebles urbanos solicitados para el fortalecimiento de la educación pública por parte de las instituciones de educación pública del sistema educativo colombiano en todos sus subsistemas o niveles y establecimientos públicos facultados para aprobar e impartir programas que se enmarcan en la Educación para el Trabajo y el Desarrollo Humano. Estas solicitudes deben ser allegadas por los canales oficiales de comunicación de SAE y cumplir los requerimientos exigibles (Formularios, información completa, soportes). | P13: 1 | Q13: Trimestral | R13: 16 | S13: 16 | T13: 1 | U13: 1 | V13: 1 | W13: Con relación a los Inmuebles urbanos aprobados para entrega al fortalecimiento de la educación pública de conformidad con el macroproceso P-DT4-101 Procedimiento Destinación Provisional de bienes, en esta Dirección no recibio solicitudes de destinaciones provisionales para el fortalecimiento de educacion pública.
A14: 109 | B14: Productiva, social y ambiental | C14: 01. Democratizar los activos administrados por la SAE a través de mecanismos de disposición temporal y definitiva que permitan la creación de valor público, social y ambiental; aporten al desarrollo territorial y productivo y garanticen la función social y ecológica de la propiedad. | D14: Adelantar entrega de activos por mecanismos de disposición temporal y/o definitiva, priorizando los procesos productivos, sociales, ambientales, así como la atención ante emergencias y desastres producto de fenómenos de variabilidad climática | E14: Democratizar inmuebles urbanos para la educación pública | F14: Disposición Final | G14: Otras modalidades de disposición final | H14: Dirección para la Democratización de Activos Inmuebles Urbanos | I14: No | J14: Gestión de viabilidades de inmuebles urbanos para la Destinación definitiva para la educación pública | K14: Producto | L14: Eficacia | M14: Demanda | N14: (Inmuebles urbanos con solicitudes de viabilidades para el fortalecimiento de la educación pública /Inmuebles urbanos solicitados para el fortalecimiento de la educación pública)* 100% | O14: Objetivo del indicador: medir la gestion de las viabilidades de inmuebles urbanos para la Destinación Definitiva para el fortalecimiento de la educación pública. Numerador: corresponden a las solicitudes viabilidades jurídicas, administrativas y técnicas de los inmuebles urbanos suceptibles de Destinacion Definitiva para el fortalecimiento de la educación pública. Denominador: corresponde a los inmuebles urbanos solicitados para el fortalecimiento de la educación pública por parte de las instituciones de educación pública del sistema educativo colombiano en todos sus subsistemas o niveles y establecimientos públicos facultados para aprobar e impartir programas que se enmarcan en la Educación para el Trabajo y el Desarrollo Humano. Estas solicitudes deben ser allegadas por los canales oficiales de comunicación de SAE y cumplir los requerimientos exigibles (Formularios, información completa, soportes). | P14: 1 | Q14: Trimestral | R14: 31 | S14: 32 | T14: 0.96875 | U14: 1 | V14: 0.96875 | W14: La Dirección recibió durante el T1 once (11) solicitudes T2 Veinte (20), y en el T3, cero (0) solicitudes de destinaciónes de Instituciones Educativas, de la cuales ya se radicaron todas las solicitudes de viabilidad jurídica, técnica y administrativa; y, sobre uno (1) de los inmuebles no se continuó el trámite, debido a que la entidad universitaria desistió de la solicitud.finalmente durante el T4, una solicitud una (1) de la universidad UNIVERSIDAD INDUSTRIAL DE SANTANDER (UIS)
A15: 7 | B15: Productiva, social y ambiental | C15: 01. Democratizar los activos administrados por la SAE a través de mecanismos de disposición temporal y definitiva que permitan la creación de valor público, social y ambiental; aporten al desarrollo territorial y productivo y garanticen la función social y ecológica de la propiedad. | D15: Adelantar entrega de activos por mecanismos de disposición temporal y/o definitiva, priorizando los procesos productivos, sociales, ambientales, así como la atención ante emergencias y desastres producto de fenómenos de variabilidad climática | E15: Atender las solicitudes de destinación provisional y definitiva de inmuebles urbanos | F15: Disposición Temporal | G15: Administración de Destinación Provisional | H15: Dirección para la Democratización de Activos Inmuebles Urbanos | I15: SÍ | J15: Trámite de solicitudes de destinación provisional | K15: Gestión | L15: Eficacia | M15: Demanda | N15: (Solicitudes de destinación provisional de inmuebles urbanos atendidas/ Solicitudes de destinación provisional de inmuebles recibidas)*100% | O15: Objetivo del indicador: medir la atención de las solicitudes recibidas por entidades públicas, privadas y personas naturales de destinación provisional. Numerador: para destinación provisional se considera una solicitud atendida cuando ésta es presentada al comité de depositarios, mandatarios y liquidadores. Denominador: corresponde a las solicitudes de destinación provisional de inmuebles urbanos allegadas por los canales oficiales de comunicación de SAE y que cumplan los requerimientos exigibles. | P15: 1 | Q15: Trimestral | R15: 89 | S15: 89 | T15: 1 | U15: 1 | V15: 1 | W15: En cuanto a las solicitudes de destinación provisional, la Dirección recibió catorce 14 solicitudes durante el T1, dieciséis (16) solicitudes en el T2 y once (11) en el T3 de las cuales se atendieron diez (10) en T1, catorce (14) en el segundo trimestre y once (11) en el T3 satisfactoriamente, contando con aprobación del Comité de Depositarios, Mandatarios y Liquidadores, y proyección de los Actos Administrativos. finalmente durante el el T4 se atendieron 7 destinaciones satisfactoriamente que fueron aprobas en el comite.se precisa que 2 destinaciones provisionales del T2 no pasaron a comite por no ser viable. en la cual fueron descontado en el informe final del T4.
A16: 110 | B16: Productiva, social y ambiental | C16: 01. Democratizar los activos administrados por la SAE a través de mecanismos de disposición temporal y definitiva que permitan la creación de valor público, social y ambiental; aporten al desarrollo territorial y productivo y garanticen la función social y ecológica de la propiedad. | D16: Adelantar entrega de activos por mecanismos de disposición temporal y/o definitiva, priorizando los procesos productivos, sociales, ambientales, así como la atención ante emergencias y desastres producto de fenómenos de variabilidad climática | E16: Atender las solicitudes de destinación provisional y definitiva de inmuebles urbanos | F16: Dispocisión Final | G16: Otras modalidades de disposición final | H16: Dirección para la Democratización de Activos Inmuebles Urbanos | I16: No | J16: Trámite de solicitudes de destinación definitiva | K16: Gestión | L16: Eficacia | M16: Demanda | N16: (Solicitudes de destinación definitiva de inmuebles urbanos atendidas/ Solicitudes de destinación definitiva de inmuebles recibidas)*100 | O16: Objetivo del indicador: medir la atención de las solicitudes recibidas por entidades públicas, privadas y personas naturales de destinación definitiva de inmuebles urbanos. Numerador: Para destinación Definitiva se considera una solicitud atendida con la solicitud de viabilidades jurídicas, técnicas y administrativas. Denominador: Corresponde a las solicitudes de destinación definitiva de inmuebles urbanos allegadas por los canales oficiales de comunicación de SAE y que cumplan los requerimientos exigibles. | P16: 1 | Q16: Trimestral | R16: 33 | S16: 37 | T16: 0.89189189 | U16: 1 | V16: 0.89189189 | W16: De la misma manera, esta Dirección recibió durante el T1 (10) solicitudes, catorce (14) solicitudes durante el T2 y cinco (5) en el T3 sobre bienes inmuebles urbanos, de los cuales Se radicaron las solicitudes de viabilidad jurídica, técnica y administrativa sobre 9 en el T1, once (11) durante el T2, y cinco (5) en el T3. finalmente durante el T4 se recibieron 8 solicitudes , que fueron atendidas oportunamente teniendo en cuenta que se solicitaron la respectivas viabiliadades.
A17: 8 | B17: Productiva, social y ambiental | C17: 01. Democratizar los activos administrados por la SAE a través de mecanismos de disposición temporal y definitiva que permitan la creación de valor público, social y ambiental; aporten al desarrollo territorial y productivo y garanticen la función social y ecológica de la propiedad. | D17: Adelantar entrega de activos por mecanismos de disposición temporal y/o definitiva, priorizando los procesos productivos, sociales, ambientales, así como la atención ante emergencias y desastres producto de fenómenos de variabilidad climática | E17: Democratizar bienes muebles para el fomento de la economía popular | F17: DT. Disposición temporal DF. Disposición Final | G17: Administración directa Administración de destinación provisional Otras modalidades de disposición final | H17: Dirección para la Democratización de Activos Muebles | I17: SÍ | J17: Democratización de bienes muebles para el fomento de la economía popular | K17: Producto | L17: Eficacia | M17: Programación anual | N17: (Número de bienes muebles democratizados para el fomento de la economía popular/ Número de bienes muebles programados para el fomento de la economía popular)*100% | O17: Objetivo del indicador: medir el número de bienes entregados bajo mecanismos de disposición temporal y/o final por parte de la Gerencia de Muebles, para el fomento de la economía popular o la creación de valor público, social o ambiental. Numerador: corresponde al número de bienes muebles que se entregan bajo mecanismos de disposición temporal y/o final (Cuentas por participación, comodato, donaciones, destinaciones temporales y definitivas, entre otros esquemas) para el fomento de la economía popular o la creación de valor público, social o ambiental, a organizaciones comunitarias, organizaciones sin ánimo de lucro, entidades públicas u otro actor permitido y priorizado por la entidad. El numero de bienes muebles se consideran entregados cuando estos cuentan con resolución expedida de entrega. Denominador: corresponde al número de bienes muebles que se tienen programados para entrega bajo cualquier mecanismo de disposición temporal y/o definitiva para el fomento de la economía popular o la creación de valor público, social o ambiental. Observación: un ejemplo del alcance de este indicador aplicaría para el transporte de insumos, mano de obra o herramientas en el marco de proyectos ambientales, productivos o sociales. | P17: 50 | Q17: Trimestral | R17: 99 | S17: 50 | T17: 1 | U17: 1 | V17: 1 | W17: se han destinarón 69 vehiculos para el fomento de la economia popular y se han entregado 30 semovientes bajo contrato de cuentas en participación a la asociación Asocampeje.
A18: 9 | B18: Productiva, social y ambiental | C18: 01. Democratizar los activos administrados por la SAE a través de mecanismos de disposición temporal y definitiva que permitan la creación de valor público, social y ambiental; aporten al desarrollo territorial y productivo y garanticen la función social y ecológica de la propiedad. | D18: Adelantar destinaciones especiales temporales y definitivas, priorizando los procesos productivos, sociales, ambientales, así como la atención ante emergencias y desastres producto de fenómenos de variabilidad climática | E18: Democratizar bienes muebles para uso oficial o institucional | F18: Disposición Temporal Disposición Final | G18: Administración directa Administración de destinación provisional Otras modalidades de disposición final | H18: Dirección para la Democratización de Activos Muebles | I18: SÍ | J18: Democratización de bienes muebles para uso institucional | K18: Producto | L18: Eficacia | M18: Programación anual | N18: (Número de bienes muebles democratizados para uso oficial o institucional/ Número de bienes muebles programados para entrega y uso oficial o institucional)*100% | O18: Objetivo del indicador: medir el número de bienes entregados bajo mecanismos de disposición temporal y/o final por parte de la Gerencia de Muebles, para el uso oficial o institucional. Numerador: corresponde al número de bienes muebles que se entregan bajo mecanismos de disposición temporal y/o final (Cuentas por participación, comodato, donaciones, destinaciones temporales o definitivas, entre otros esquemas) para el uso oficial o institucional. El numero de bienes muebles se consideran entregados cuando estos cuentan con resolución expedida de entrega. Denominador: corresponde al número de bienes muebles que se tienen programados para entrega bajo cualquier mecanismo de disposición temporal y/o final para el uso oficial o institucional. Observación: un ejemplo del alcance de este indicador aplicaría para el desarrollo de actividades administrativas o de transporte institucional de uso oficial del estado. | P18: 70 | Q18: Trimestral | R18: 64 | S18: 70 | T18: 0.91428571 | U18: 1 | V18: 0.91428571 | W18: en expedicion de acto administrativo se encuentran 23 medios de transporte en expedicion de polizas 33 medios de transporte 5 medio de transporte ya entregado 3 pendiente para comite
A19: 10 | B19: Productiva, social y ambiental | C19: 01. Democratizar los activos administrados por la SAE a través de mecanismos de disposición temporal y definitiva que permitan la creación de valor público, social y ambiental; aporten al desarrollo territorial y productivo y garanticen la función social y ecológica de la propiedad. | D19: Garantizar la inclusión de comunidades, organizaciones sociales y economías populares en condición de vulnerabilidad en los mecanismos de administración existentes | E19: Promover la participación de organizaciones comunitarias en las convocatorias de registro en el Banco de depositarios provisionales | F19: Recepción y Registro | G19: Administración del Registro de Depositarios Provisionales y Liquidadores del FRISCO | H19: Gerencia de Depositarios, Mandatarios y Liquidadores | I19: SÍ | J19: Organizaciones comunitarias registradas como Depositarios y Gerentes Provisionales | K19: Producto | L19: Eficacia | M19: Programación anual | N19: (Organizaciones comunitarias registradas como Depositarios y Gerentes Provisionales/ Meta estimada de organizaciones comunitarias en el registro de Depositarios Provisionales)*100% | O19: Objetivo del indicador: medir la inclusión de organizaciones comunitarias en el registro en el Banco de depositarios provisionales. Numerador: corresponde a las organizaciones comunitarias evaluadas y registradas en el Banco de Depositarios 2024 como depositario o gerente popular. Denominador: corresponde a la estimación de organizaciones comunitarias incluidas dentro del Banco de Depositarios. | P19: 46 | Q19: Trimestral | R19: 81 | S19: 46 | T19: 1 | U19: 1 | V19: 1 | W19: 07-01-2025: La Gerencia de Depositarios tenía como objetivo para el periodo 2024 ingresar un total de 46 personas al registro de depositarios o gerentes populares. A la fecha, se ha avanzado significativamente en el cumplimiento de esta meta. A continuación, se detalla el estado actual de los ingresos al registro: Ingreso mediante la Resolución 1035 del 29 de noviembre de 2024: Se ha logrado el ingreso de 9 personas al registro de depositarios populares bajo esta resolución, cumpliendo parcialmente con la meta de 46. Proyección de Resoluciones Pendientes: Se encuentra en proceso la resolución de ingreso al registro para 41 personas adicionales, las cuales están próximas a ser formalizadas, lo que permitirá avanzar significativamente hacia el cumplimiento total de la meta. Presentación al Comité: En el próximo comité se presentarán 31 personas que han cumplido con todos los requisitos establecidos para su incorporación al registro, lo que representa un paso clave en la validación y resolución de estos casos. En conjunto, esto llevaría a un total de 81 gerentes populares que han sido o están en proceso de ser ingresados al registro, superando ampliamente la meta inicial de 46 personas. | X19: N/A
A20: 11 | B20: Productiva, social y ambiental | C20: 01. Democratizar los activos administrados por la SAE a través de mecanismos de disposición temporal y definitiva que permitan la creación de valor público, social y ambiental; aporten al desarrollo territorial y productivo y garanticen la función social y ecológica de la propiedad. | D20: Garantizar la inclusión de comunidades, organizaciones sociales y economías populares en condición de vulnerabilidad en los mecanismos de administración existentes | E20: Programar convocatorias para el registro de depositarios priorizando la inclusión de economías populares, comunitarias y otras comunidades con especial protección constitucional. | F20: Recepción y Registro | G20: Administración del Registro de Depositarios Provisionales y Liquidadores del FRISCO | H20: Gerencia de Depositarios, Mandatarios y Liquidadores | I20: SÍ | J20: Programación de Convocatorias para registro de Depositarios | K20: Gestión | L20: Eficacia | M20: Programación anual | N20: (Número de convocatorias realizadas / Número De convocatorias programadas) *100% | O20: Objetivo del indicador: medir las convocatorias realizadas para conformar el registro de depositarios provisionales. Numerador: corresponde a las convocatorias ejecutadas para conformar el registro de depositarios provisionales, hasta la aprobación del Comité de Depositarios, Liquidadores y Mandatarios. Denominador: las convocatorias programadas para el 2024 corresponden a 3 convocatorias. | P20: 3 | Q20: Trimestral | R20: 2 | S20: 3 | T20: 0.66666667 | U20: 1 | V20: 0.66666667 | W20: 07-01-2025: Durante la vigencia de 2024, la Gerencia de Depositarios tenía como objetivo la realización de tres convocatorias para el registro de depositarios. Sin embargo, únicamente se llevaron a cabo dos convocatorias, las cuales se detallan a continuación: Convocatoria 01 de 2024: Dirigida a depositarios y liquidadores. Convocatoria 02 de 2024: Dirigida a gerentes populares. No se alcanzó la meta de realizar tres convocatoria, la principal causa del no cumplimieno fue la identificación de múltiples fallas en el aplicativo diseñado para el proceso de convocatoria, las cuales se evidenciaron durante el desarrollo de la Convocatoria 01 de 2024. Estas fallas impidieron la planificación y ejecución de una tercera convocatoria en el mismo periodo. Adicionalmente, en la Convocatoria 02 de 2024, el proceso se realizó de manera manual debido a la persistencia de fallas en el aplicativo. Esta solución temporal implicó una carga de trabajo adicional considerable para los funcionarios de la Gerencia de Depositarios, lo que generó una reducción en la eficiencia operativa y afectó los tiempos previstos para el desarrollo de otras actividades. Durante el tercer trimestre de 2024, se llevó a cabo un trabajo conjunto con la OTI para realizar una revisión del aplicativo y corregir las fallas detectadas y mejorar el ambiente para que sea mas claro para los aspirantes. | X20: Para el año 2025, la Gerencia de Depositarios espera que el aplicativo esté completamente operativo y libre de fallas antes de iniciar cualquier convocatoria. Se realizaran pruebas piloto con los usuarios internos de la entidad para verificar la funcionalidad y facilidad de uso del sistema antes de su lanzamiento. Realizar una revision trimestral sobre el avance de las convocatorias, las incidencias presentadas y las soluciones implementadas, para mantener a la alta dirección informada y tomar decisiones oportunas.
A21: 12 | B21: Productiva, social y ambiental | C21: 02. Fomentar las economías populares y comunitarias a partir de proyectos estratégicos que generen valor público, social y ambiental. | D21: Implementar proyectos estratégicos con enfoque productivo, social y ambiental que permitan la creación de valor. | E21: Acompañar el desarrollo de los proyectos en o con activos de la SAE (En cualquier fase del ciclo de vida del proyecto) | F21: Direccionamiento Estratégico | G21: Gobierno y Gestión de la Estrategia | H21: Dirección de Proyectos | I21: SÍ | J21: Acompañamiento al desarrollo de proyectos priorizados con aliados locales, regionales, nacionales e internacionales | K21: Gestión | L21: Eficacia | M21: Demanda | N21: (Proyectos acompañados en sus diferentes fases del ciclo de vida / Proyectos priorizados por la Gerencia de Proyectos Especiales para el acompañamiento en la estructuración y/o desarrollo de proyectos que involucre los activos administrados por la SAE) *100% | O21: Objetivo del indicador: medir el acompañamiento realizado por la Gerencia de Proyectos Especiales para el desarrollo parcial o total de las diferentes etapas del ciclo de vida de los proyectos. Numerador: corresponde al acompañamiento en el desarrollo de los proyectos priorizados en las diferentes etapas de su ciclo de vida. Para entendimiento del cumplimiento del indicador, se considera que el acompañamiento a los proyectos se finaliza cuando se cuenta con desarrollo en cualquier fase del ciclo de vida de los proyectos priorizados por la Gerencia de Proyectos Especiales. En los casos en los que un proyecto cuente con acompañamiento en más de una fase del ciclo de vida de proyectos, solo se contará una vez. Denominador: Corresponde al número de proyectos priorizados por la Gerencia de Proyectos Especiales. | P21: 1 | Q21: Trimestral | R21: 97 | S21: 97 | T21: 1 | U21: 1 | V21: 1 | W21: Para el cuarto trimestre de 2024, la Dirección de Proyectos contó con 97 proyectos priorizados acumulados, de los cuales treinta y cuatro (34) están en la categoría de proyectos agro productivos, doce (12) en la categoría de enfoque de genero , dieciséis (16) en la categoría de gerentes populares para el impulso a la economía popular con organizaciones de jóvenes y firmantes de paz y treinta y cinco (35) de diferentes grupos poblacionales con enfoque de economía popular. | X21: Modificar Gerencia de Proyectos Especiales por Dirección de Proyectos.
A22: 13 | B22: Financiera | C22: 03. Garantizar la efectiva transferencia de recursos a la Nación, en concordancia con lo establecido en la ley y contribuyendo a los propósitos del Plan Nacional de Desarrollo. | D22: Cumplimiento de transferencias de recursos a la Nación establecidas en la ley . | E22: Realizar las transferencias a la Nación y destinaciones específicas en recursos líquidos | F22: Gestión Financiera | G22: Tesorería | H22: Dirección Financiera | I22: SÍ | J22: Transferencias a la Nación y destinaciones específicas en recursos líquidos | K22: Producto | L22: Economía | M22: Programación anual | N22: (Sumatoria de los valores de las transferencias a favor de la nación y destinaciones específicas en recursos líquidos/ Meta de transferencias a favor de la Nación y destinaciones específicas en recursos líquidos) *100% | O22: Objetivo del indicador: medir las transferencias realizadas a la nación y destinaciones específicas en recursos líquidos. Este indicador se encuentra globalizado centralizado por la Gerencia Financiera con base en los ingresos producidos al interior de la entidad. Numerador: corresponde a la sumatoria de valores transferidos y destinados oficialmente a las entidades beneficiarias establecidas en la Ley. Denominador: corresponde a la meta establecida en el presupuesto aprobado por el Consejo Nacional de Estupefacientes. | P22: 335841000000 | Q22: Trimestral | R22: 332466570639 | S22: 332467062038 | T22: 0.99999852 | U22: 1 | V22: 0.99999852 | W22: Corresponde a los recursos líquidos transferidos a la Nación en cumplimiento del Artículo 91 de la Ley 1708 modificado por el artículo 22 de la Ley 1849 de 2017 para la Fiscalía General de la Nación, la Rama Judicial, Policía Judicial, Defensoría del Pueblo y la destinación especifica para el Fondo Victimas, Politica Antidrogas, San Andres y FOMMUR . | X22: Se debe ajustar la meta a la suma de $332.467.062.038, conforme a la modificación aprobada por el CNE, según resolución 0001 de 2024 del CNE
A23: 14 | B23: Financiera | C23: 03. Garantizar la efectiva transferencia de recursos a la Nación, en concordancia con lo establecido en la ley y contribuyendo a los propósitos del Plan Nacional de Desarrollo. | D23: Cumplimiento de transferencias de recursos a la Nación establecidas en la ley . | E23: Gestionar la monetización de divisas y el recaudo de moneda nacional | F23: Disposición Final | G23: Otras Modalidades de Disposición Final | H23: Dirección para la Democratización de Activos Muebles | I23: SÍ | J23: Transferencias realizadas a la Nación a través de divisas monetizadas y moneda nacional | K23: Producto | L23: Economía | M23: Programación anual | N23: (Valor monetizado y recaudado / Valor programado de divisas a monetizar y moneda nacional a recaudar)* 100% | O23: Objetivo del indicador: medir las transferencias realizadas a la Nación a través de divisas monetizadas y recaudo de moneda nacional identificada. Numerador: corresponde al valor monetizado de divisas a través del Banco de la República o de los intermediarios del mercado cambiario y a la moneda nacional recibida e identificada para su registro en el inventario de activos. Denominador: El valor programado de divisas a monetizar se refiere al valor de divisas (moneda extranjera) recibidas por SAE hasta el mes de septiembre del 2024. El valor de moneda nacional a recaudar corresponde al valor de la moneda en pesos colombianos entregada por parte la autoridad competente. | P23: 1 | Q23: Trimestral | R23: 23348376353 | S23: 23348376353 | T23: 1 | U23: 1 | V23: 1 | W23: En el primer trimestre se identifico $1.134.135.178 En el segundo trimestre se identifico $3.733.614.539 En el tercer trimestre se identificaron $713.780.224 En el cuarto trimestre se monetizaron divisas por un valor de $ 17,766,846,412
A24: 15 | B24: Financiera | C24: 04. Generar rentabilidad económica a partir de la diversificación de ingresos, para la inversión social y la lucha contra el crimen organizado. | D24: Adelantar procesos de comercialización y venta de activos | E24: Realizar gestion con el fin de apoyar la formalizacion de negocios pendientes de escrituración y registro. | F24: Disposición Final | G24: Comercialización de Activos | H24: Dirección Comercial | I24: SÍ | J24: Formalizacion de negocios pendientes de escrituracion y registro | K24: Gestión | L24: Eficacia | M24: Programación anual | N24: Negocios escriturados y registrados / Negocios pendientes de escrituracion y registro. | O24: Objetivo del indicador: Medir la eficiencia del tramite de formalizacion de negocios( escriturados y registrados) en el periodo de ejecución. Numerador: Corresponde al número de negocios escriturados y registrados. Denominador: Corresponde a los negocios pendientes de escrituracion y registro en el periodo de ejecucion. | P24: 283 | Q24: Trimestral | R24: 169 | S24: 283 | T24: 0.59717314 | U24: 1 | V24: 0.59717314 | W24: Las principales dificultades en el proceso de formalización se presentan en la consecución y pago de Impuesto Predial dada la necesidad de solicitar prescripción a gran parte de los inmuebles. Por otro lado, dadas las variaciones sobre los Estados de Ocupación y la longevidad de los negocios, las Direcciones Territoriales se enfrentan a situaciones jurídicas complicadas en las que reciben poco apoyo por parte de las oficinas jurídicas dispuestas en la Entidad. Se hace necesario fortalecer el proceso de formalización y sus tiempos de gestión dados los efectos que esto tiene sobre la reputación comercial de la Entidad y sobre sus propios procesos internos. | X24: Es necesario que se realice una organización estratégica del proceso, de manera que se supriman tiempos muertos en esperas de respuestas externas, tales como respuestas de alcaldías y diligencias de desalojo.
A25: 16 | B25: Financiera | C25: 04. Generar rentabilidad económica a partir de la diversificación de ingresos, para la inversión social y la lucha contra el crimen organizado. | D25: Adelantar procesos de comercialización y venta de activos | E25: Gestionar los ingresos de ventas de inmuebles sociales y no sociales comercializados a través de la Dirección Comercial | F25: Disposición Final | G25: Comercialización de Activos | H25: Dirección Comercial | I25: SÍ | J25: Ingresos por venta de inmuebles | K25: Producto | L25: Economía | M25: Programación anual | N25: (Valor de ingresos por ventas de inmuebles / Valor de ingresos de ventas de inmuebles proyectado para la vigencia)*100% | O25: Objetivo del indicador: medir los ingresos por la venta de inmuebles sociales y no sociales comercializados a través de la Dirección Comercial Numerador: es el valor de ingresos por ventas de inmuebles sociales y no sociales comercializados a través de la Dirección Comercial. Este ingreso es producto de ventas directas, cuotas partes, ventas masivas y ventas a través del operador comercial. Denominador: corresponde a los ingresos por venta programados para la vigencia. | P25: 468000000000 | Q25: Trimestral | R25: 204373356210 | S25: 468000000000 | T25: 0.39836238 | U25: 1 | V25: 0.39836238 | W25: Este recaudo se discrimina así: activos sociales,$97.891.077.329 ; y activos no sociales $106.482.278.881. El único recaudo efectivo contabilizado al final de la vigencia corresponde al recaudo por venta de inmuebles NO Sociales. Los diversos cambios formales y estratégicos tomados en las distintas partes del proceso de adjudicación han ocasionado una baja consistencia en las actividades orientadas al cumplimiento de la Meta Comercial. | X25: Las estrategias de posicionamiento han atraído bastantes ventas. No obstante, se requiere continuidad en el proceso con el fin de que se puedan determinar niveles de efectividad y alcance de las políticas comerciales.
A26: 18 | B26: Financiera | C26: 04. Generar rentabilidad económica a partir de la diversificación de ingresos, para la inversión social y la lucha contra el crimen organizado. | D26: Generar ingresos producto de la administración o disposición temporal de activos | E26: Distribuir las utilidades generadas por sociedades activas al FRISCO | F26: Disposición Temporal | G26: Administración de Depósitos Provisionales | H26: Dirección de Gobierno, Control y Democratización de Sociedades | I26: SÍ | J26: Cumplimiento del presupuesto de ingreso de Sociedades Activas | K26: Producto | L26: Economía | M26: Programación anual | N26: (Ingresos económicos generados por sociedades y establecimientos de comercio / Ingresos económicos estimados a distribuir al FRISCO)*100% | O26: Objetivo del indicador: medir la generación de ingresos a partir de las ventas y productividad de sociedades activas y establecimientos de comercio. Numerador: corresponde al valor ventas, utilidades y demás recursos que ingresen al FRISCO producto de alguna gestion realizada por la gerencia de sociedades activas. Denominador: corresponde al presupuesto de ingreso estimado para la Gerencia de Sociedades Activas, que incluye todos los recursos por cualquier concepto que ingresen al FRISCO producto de alguna gestion realizada por la vicepresidencia de sociedades. | P26: 225000000000 | Q26: Trimestral | R26: 32189560853 | S26: 225000000000 | T26: 0.14306471 | U26: 1 | V26: 0.14306471 | W26: La meta es de $ 25.000.000.000 y no de $ 250.000.000.000, se cambia el denominador y el valor de la meta 2024 ya que estaba mal, la meta se cumplio de conformidad a lo establecido. | X26: Esta Dirección reitera la solicitud para ajustar el indicador, donde únicamente se tenga en cuenta el monto de Utilidades que recibe el FRISCO. Teniendo en cuenta que la venta de sociedades depende de factores externos que no se pueden garantizar.
A27: 19 | B27: Financiera | C27: 04. Generar rentabilidad económica a partir de la diversificación de ingresos, para la inversión social y la lucha contra el crimen organizado. | D27: Diseñar y/o implementar estrategias de ahorro en la administración de activos. | E27: Disponer de manera definitiva los activos entregados por las extintas FARC que no cuenten con potencial de comercialización | F27: Disposición Final | G27: Comercialización de Activos Otras Modalidades de Disposición Final | H27: Dirección de Proyectos | I27: SÍ | J27: Disposición Final de activos entregados por las extintas FARC | K27: Producto | L27: Eficacia | M27: Programación anual | N27: (Activos entregados por las extintas FARC dispuestos de manera definitiva/Activos programados a disponer de manera definitiva)*100% | O27: Objetivo del indicador: medir la disposición final de los activos entregados por las extintas FARC que no cuenten con potencial de comercialización Numerador: activos entregados por las extintas FARC, dispuestos de manera definitiva por mecanismos de chatarrización, destrucción o donación. Denominador: los activos programados y con alistamiento para disponer de manera definitiva corresponden a los bienes a chatarrizar, destruir o donar, que no fueron objeto de interés en los procesos de comercialización, es decir, que al menos cuenten con aprobación del consejo fiduciario para su respectiva disposición. Esta meta es variable conforme al comportamiento de la comercialización de activos. | P27: 1 | Q27: Trimestral | R27: 0 | S27: 0 | T27: 0 | U27: 1 | V27: 0 | W27: Durante la vigencia 2024, se realizaron actividades relacionadas con la destinación final de 732 unidades de bienes muebles como se indica a continuación: * Donación de radios y accesorios: 248 ud. * Donación de uniformes militares (intendencia): 484 ud. El proceso de donación de los activos entregados por las extintas FARC, requiere la aprobación de las diez (10) entidades de Gobierno que conforman el Consejo Fiduciario del que trata el Decreto 1407 de 2017, el cual debe ser convocado por el DAPRE en su rol como secretario técnico. No obstante, pese a la solicitud y reiteraciones realizadas desde la SAE para llevar a cabo la convocatoria de este Consejo, durante el cuarto trimestre de 2024 no se obtuvo respuesta respecto a la fecha para su realización. Por esta razón, el indicador no tuvo el cumplimiento proyectado, toda vez que se depende en su totalidad de la aprobación de este Consejo para determinar la destinación de los bienes. Con el fin de avanzar en este proceso, se tiene previsto realizar una mesa de trabajo entre SAE y DAPRE en semana del 20 de enero de 2025 con el fin de establecer la fecha de realización del Consejo Fiduciario. | X27: En atención a la dependencia que tiene el proceso de destinación definitiva de los bienes entregados por las extintas FARC-EP, por parte de entidades externas a la SAE, solicito por favor su colaboración para que este indicador no sea tenido en cuenta en la medición de la gestión de la Dirección de Proyectos para la vigencia 2024.
A28: 21 | B28: Financiera | C28: 04. Generar rentabilidad económica a partir de la diversificación de ingresos, para la inversión social y la lucha contra el crimen organizado. | D28: Adelantar procesos de comercialización y venta de activos | E28: Entregar a las Gerencias de Inmuebles los remanentes en inmuebles por liquidación de sociedades | F28: Disposición Final | G28: Comercialización de Activos | H28: Dirección de Seguimiento y Control de Liquidaciones | I28: SÍ | J28: Entrega de remanentes en inmuebles por liquidación de Sociedades | K28: Producto | L28: Economía | M28: Programación anual | N28: (Remanentes en inmuebles entregados por liquidación de sociedades / Remanentes en inmuebles de sociedades en liquidación estimados para entrega) *100% | O28: Objetivo del indicador: medir la entrega de remanentes en inmuebles a favor del FRISCO por liquidación de Sociedades. Numerador: los remanentes en inmuebles corresponden a los activos sociales producto de la liquidación de la sociedad. Denominador: la estimación de los remanentes se realiza con base en la valoración patrimonial de los activos sociales priorizados para la vigencia. | P28: 7842597469 | Q28: Trimestral | R28: 10685933444 | S28: 7842597469 | T28: 1.3625503 | U28: 1 | V28: 1 | W28: Durante el cuarto trimestre del 2024, la dirección no realizo entrega de remanente fisico al FRISCO. | X28: Se han realizado mesas de trabajo con la Vicepresidencia De Bienes Muebles e Inmuebles con fin de revisar a profundidad el “ N-DF2-059 Instructivo Remanentes bienes sociales a ingresar al FRISCO y en ese sentido alinear el procedimeinto para continuar con las entregas y realizar un alcance de meta para los indicadores del 2025.
A29: 22 | B29: Financiera | C29: 04. Generar rentabilidad económica a partir de la diversificación de ingresos, para la inversión social y la lucha contra el crimen organizado. | D29: Adelantar procesos de comercialización y venta de activos | E29: Entregar a la Gerencia Financiera los remanentes líquidos por la liquidación de sociedades | F29: Disposición Final | G29: Comercialización de Activos | H29: Dirección de Seguimiento y Control de Liquidaciones | I29: SÍ | J29: Entrega de remanentes líquidos por liquidación de Sociedades | K29: Producto | L29: Economía | M29: Programación anual | N29: (Remanentes líquidos entregados por liquidación de sociedades / Remanentes líquidos de sociedades en liquidación estimados para entrega) *100% | O29: Objetivo del indicador: medir la entrega de recursos líquidos realizada a favor del FRISCO por liquidación de Sociedades. Numerador: los remanentes líquidos corresponden a los dineros provenientes de la liquidación de las sociedades. Denominador: la estimación de los remanentes se realiza con base en la valoración patrimonial de las sociedades priorizadas para la vigencia. | P29: 12472577991 | Q29: Trimestral | R29: 20672138292 | S29: 12472577991 | T29: 1.657407 | U29: 1 | V29: 1 | W29: Con memorando No. 20245100073763 del 13 de junio del 2024 la sociedad COMPAÑÍA COSTRUCTORA Y COMERCIALIZADORA DEL SUR LIMITADA COSUR LTDA EN LIQUIDACION formalizo la entrega de remanente liquidado anticipado por valor de $1,740,125,924 Con memorando No. 20245100075993 la sociedad CONSTRUCCIONES MIRAMAR LIMITADA EN LIQUIDACIÓN formalizo la entrega de remanente liquidado Final por valor de $10,583,508,601.444 Con memorando No.20245100108763 la sociedad POSADA ALEMANA LTDAEN LIQUIDACIÓN, formalizo la entrega de remanente liquido final por e valor 6,329,582,572 Para el ultimo trimestre del 2024 la direccion mediante memorando No.20245100165853, le 02 de diciembre 2024 la sociedad COMPAÑÍA COSTRUCTORA Y COMERCIALIZADORA DEL SUR LIMITADA COSUR LTDA EN LIQUIDACION formalizo la entrega de remanente liquidado anticipado por valor de $ 2,018,921,195
A30: 23 | B30: Financiera | C30: 04. Generar rentabilidad económica a partir de la diversificación de ingresos, para la inversión social y la lucha contra el crimen organizado. | D30: Diseñar y/o implementar estrategias de ahorro en la administración de activos. | E30: Reducir el inventario de las sociedades en liquidación con activos | F30: Disposición Final | G30: Comercialización de Activos | H30: Dirección de Seguimiento y Control de Liquidaciones | I30: SÍ | J30: Liquidación de sociedades con activos | K30: Producto | L30: Eficacia | M30: Programación anual | N30: (Sociedades con activos liquidadas / Sociedades con activos priorizados para cierre liquidatario) *100% | O30: Objetivo del indicador: medir la reducción del inventario de las sociedades con activos en liquidación. Numerador: corresponde a las sociedades liquidadas registrados en el sistema de información de SAE con marcación de "Pre -Estado" en el inventario. Denominador: corresponde a las sociedades con activos priorizadas para cierre liquidatario en la vigencia 2024. | P30: 4 | Q30: Trimestral | R30: 3 | S30: 4 | T30: 0.75 | U30: 1 | V30: 0.75 | W30: En virtud del “P-DF2-107 Procedimiento Entrega de Activos”, las siguientes sociedades cuentan con la marcación de PRE-ESTADO, en el aplicativo sigma: - GANADERIA LA REFORMA LIMITADA EN LIQUIDACIÓN - COMICARSA SA EN LIQUIDACIÓN Para el cuatro trimestre la direccion realizo la marcacion en prestado de la sociedad INVERSIONES Y CONSTRUCCIONES COSMOVALLE LTDA EN LIQUIDACION.
A31: 24 | B31: Financiera | C31: 04. Generar rentabilidad económica a partir de la diversificación de ingresos, para la inversión social y la lucha contra el crimen organizado. | D31: Diseñar y/o implementar estrategias de ahorro en la administración de activos. | E31: Reducir el inventario de las sociedades en liquidación sin activos y cancelar matrículas de establecimientos de comercio | F31: Disposición Final | G31: Otras Modalidades de Disposición Final | H31: Dirección de Seguimiento y Control de Liquidaciones | I31: SÍ | J31: Liquidación de sociedades sin activos y cancelación de matrículas de establecimientos de comercio | K31: Producto | L31: Eficacia | M31: Programación anual | N31: (Sociedades sin activos con cierre de procesos liquidatarios y establecimientos de comercio con cancelación de matrículas / Sociedades sin activos y establecimientos de comercio priorizados para cierre liquidatario) *100% | O31: Objetivo del indicador: medir la reducción del inventario respecto a la cancelación de matrículas de las sociedades en liquidación sin activos y de los establecimientos de comercio. Numerador: corresponde a las sociedades sin activos liquidadas y establecimientos de comercio con cancelación de matrículas registrados en el sistema de información de SAE con marcación de " Pre- Estado" en el inventario. Denominador: corresponde a las sociedades sin activos y establecimientos de comercio priorizados para cierre liquidatario o cancelación de matrícula en la vigencia 2024. | P31: 170 | Q31: Trimestral | R31: 22 | S31: 170 | T31: 0.12941176 | U31: 1 | V31: 0.12941176 | W31: Para el cuarto trimestre no se relizaron cambios de estado en el inventario de sociedaes y establecimientos denominadas de papel.
A32: 25 | B32: Financiera | C32: 04. Generar rentabilidad económica a partir de la diversificación de ingresos, para la inversión social y la lucha contra el crimen organizado. | D32: Fortalecer el modelo de seguimiento y control de los recursos económicos | E32: Realizar el seguimiento y control de la ejecución presupuestal de gasto de FRISCO | F32: Gestión Financiera | G32: Presupuesto | H32: Dirección Financiera | I32: NO | J32: Ejecución presupuestal de gasto de FRISCO | K32: Gestión | L32: Economía | M32: Programación anual | N32: (Valor del presupuesto de gasto ejecutado en FRISCO / Valor del Presupuesto de gasto FRISCO aprobado) *100% | O32: Objetivo del indicador: medir la ejecución presupuestal de gastos de FRISCO aprobados en la vigencia Numerador: corresponde al presupuesto ejecutado, acumulado y registrado en el aplicativo financiero. Denominador: el valor de presupuesto de gasto de FRISCO programado corresponde al aprobado por el Consejo Nacional de Estupefacientes. Observación: este indicador es globalizado centralizado por esta Gerencia, con base en la ejecución presupuestal de las áreas. | P32: 612490000000 | Q32: Trimestral | R32: 585107157437 | S32: 624116062038 | T32: 0.93749736 | U32: 1 | V32: 0.93749736 | W32: Información Preliminar: El porcentaje de ejecución sobre compromisos se encuentra en un 94% sobre la meta anual, donde el rubro más representativo son las destinaciones especificas, transferencias del Artículo 91 de la Ley 1708 de 2014 y los gastos de funcionamiento de la SAE | X32: Se debe ajustar la meta a la suma de $624.116.062.038, conforme a la modificación aprobada por el CNE, según resolución 0001 de 2024 del CNE
A33: 26 | B33: Financiera | C33: 04. Generar rentabilidad económica a partir de la diversificación de ingresos, para la inversión social y la lucha contra el crimen organizado. | D33: Fortalecer el modelo de seguimiento y control de los recursos económicos | E33: Realizar el seguimiento y control de la ejecución presupuestal de gasto de SAE | F33: Gestión Financiera | G33: Presupuesto | H33: Dirección Financiera | I33: NO | J33: Ejecución presupuestal de gasto de SAE | K33: Gestión | L33: Economía | M33: Programación anual | N33: (Valor del presupuesto de gasto ejecutado en SAE / Valor del Presupuesto de gasto SAE aprobado ) *100% | O33: Objetivo del indicador: medir la ejecución presupuestal de gastos de SAE aprobados en la vigencia. Numerador: corresponde al presupuesto ejecutado, acumulado y registrado en el aplicativo financiero. Denominador: el valor de presupuesto de gasto de SAE programado corresponde al aprobado por la Junta Directiva. Observación: este indicador es globalizado centralizado por esta Gerencia, con base en la ejecución presupuestal de las áreas. | P33: 127000000000 | Q33: Trimestral | R33: 104822881182 | S33: 127836393814 | T33: 0.81997683 | U33: 1 | V33: 0.81997683 | W33: Información Preliminar: El porcentaje de ejecución sobre compromisos fue del 82% sobre la meta anual, donde el rubro más representativo obedece al concepto de gastos asociados a la nómina, seguido por el rubro de arrendamientos de bienes inmuebles. | X33: Se debe ajustar la meta a la suma de $127.836.393.814, conforme a la modificación aprobada por la Junta Directiva
A34: 27 | B34: Financiera | C34: 04. Generar rentabilidad económica a partir de la diversificación de ingresos, para la inversión social y la lucha contra el crimen organizado. | D34: Diversificar y fortalecer el portafolio de inversiones de la SAE. | E34: Realizar inversiones de recursos líquidos de acuerdo con el Decreto 1525 del 2008 mediante estrategias de inversión que permitan aumentar la rentabilidad. | F34: Gestión Financiera | G34: Tesorería | H34: Dirección Financiera | I34: SÍ | J34: Valor total de rendimientos de inversión con recursos líquidos extintos y en proceso | K34: Producto | L34: Economía | M34: Programación anual | N34: (Valor total de rendimientos obtenidos de inversiones con recursos líquidos extintos y en proceso / Meta de rendimientos financieros esperados con inversiones realizadas) *100% | O34: Objetivo del indicador: medir la obtención del valor total de los rendimientos esperados de la inversión de recursos líquidos extintos y en proceso. Numerador: corresponde al valor recibido producto de las inversiones en CDTs, TES, fondos de inversión u otros permitidos en la Ley, de acuerdo con la periodicidad de la inversión. Denominador: corresponde al valor presupuestado de rendimientos por inversión en la vigencia. | P34: 60000000000 | Q34: Trimestral | R34: 70936608637 | S34: 60000000000 | T34: 1.1822768 | U34: 1 | V34: 1 | W34: Información Preliminar: La Entidad durante la vigencia 2024 genero rendimientos financieros por valor de $70.937 millones de pesos cifra preliminar, este recursos se obtienen producto de las inversiones realizadas en TES, CDT, FIC y cuentas de ahorros en los cuales las tasas de rentabilidad estuvieron alrededor de; CDT Y FIC 10%EA, Inversiones en TES tasas cupón de 9,25%E.A y 7,50%E.A y cuentas Bancarias tasa promedio de 6.62%E.A, los ítem correspondiente a TES,CDTY FIC generaron rendimientos por valor de $62.706 millones de pesos representando el 88.40% del recursos recibido. | X34: Se logra el cumplimiento de la meta establecida para el rubro de rendimientos logrando el 118% de ejecución para la vigencia 2024
A35: 28 | B35: Financiera | C35: 04. Generar rentabilidad económica a partir de la diversificación de ingresos, para la inversión social y la lucha contra el crimen organizado. | D35: Adelantar procesos de comercialización y venta de activos | E35: Realizar las fichas técnicas de caracterización de Inmuebles Rurales para su comercialización | F35: Diagnóstico y Alistamiento | G35: Alistamiento de Activos | H35: Dirección para la Democratización de Activos Inmuebles Rurales | I35: SÍ | J35: Fichas técnicas de caracterización de Inmuebles Rurales entregadas a Gerencia Técnica para comercialización | K35: Gestión | L35: Eficacia | M35: Demanda | N35: (Folios de Matrícula Inmobiliaria de inmuebles rurales con ficha de caracterización para comercialización /Folios de Matrícula Inmobiliaria de inmuebles rurales con solicitud de fichas de caracterización para comercialización) *100% | O35: Objetivo del indicador: medir el proceso de caracterización técnica de inmuebles rurales para disponerlos de manera definitiva mediante enajenación. Numerador: corresponde al número de folios de matrícula de inmuebles rurales que cuentan con fichas de caracterización predial elaboradas o actualizadas para el proceso de enajenación. Denominador: corresponde a los folios de matrícula inmersos en procesos de enajenación que cuenten con solicitud de elaboración de ficha técnica de caracterización predial por parte de las diferentes áreas. | P35: 1 | Q35: Trimestral | R35: 247 | S35: 215 | T35: 1.1488372 | U35: 1 | V35: 1 | W35: Frente a las fichas de caracterización para procesos de comercialización, es importante precisar que para el ultimo trimestre no se reporto ningún folio de matricula con ficha de caracterización para ventas toda vez que para los procesos de comercialización no se requieren fichas descriptivas y detalladas frente al tema del mejor y mayor uso. Sin embargo, durante el año se reportaron algunos FMI con esta información porque presentaron alguna condicion particular (expansion urbana, reserva forestal, alguna condición particular), pero se reitera que el procedimiento de comercialización no requiere dicho insumo para ser llevado a cabo.
A36: 29 | B36: Financiera | C36: 04. Generar rentabilidad económica a partir de la diversificación de ingresos, para la inversión social y la lucha contra el crimen organizado. | D36: Adelantar procesos de comercialización y venta de activos | E36: Articular el alistamiento completo de los inmuebles urbanos objeto de enajenación temprana. | F36: Diagnóstico y Alistamiento | G36: Alistamiento de Activos | H36: Dirección para la Democratización de Activos Inmuebles Urbanos | I36: SÍ | J36: Alistamiento de inmuebles urbanos para enajenación temprana | K36: Gestión | L36: Eficacia | M36: Demanda | N36: (Inmuebles urbanos con revisión documental completa para presentación a Comité de Enajenación Temprana/ Inmuebles urbanos potenciales para enajenación temprana objeto de revisión)*100% | O36: Objetivo del indicador: medir el alistamiento completo de los inmuebles urbanos para presentación al Comité de Enajenación Temprana. Numerador: la revisión documental completa de los inmuebles potenciales para enajenación temprana bajo cualquier causal de enajenación, aborda la revisión de la existencia de las viabilidades jurídicas, técnicas y administrativas, junto con la revisión de fichas de enajenación temprana cuando aplique. Para los inmuebles a enajenar bajo la causal C4 y C7 no se requerirá de fichas de enajenación temprana, sino que se verificará que toda la información esté cargada en Sigma 2.0, contar con la certificación de administración por mínimo 5 años, y la existencia de la viabilidad jurídica respectiva. Denominador: los inmuebles urbanos a revisar serán aquellos que cuentan con fichas de enajenación temprana elaboradas y remitidas por parte de las gerencias regionales, y los inmuebles bajo las causales C4 y C7 de enajenación temprana que requieran alistamiento documental para presentación a Comité de Enajenación Temprana. | P36: 1 | Q36: Trimestral | R36: 385 | S36: 385 | T36: 1 | U36: 1 | V36: 1 | W36: 1. Se continúa con la priorización por parte de la Vicepresidencia de Activos Muebles e Inmuebles y la Dirección para la Democratización de Activos Rurales para el ALISTAMIENTO de predios RURALES para venta a la ANT. 2. Durante el primer trimestre de 2024, se realizó el alistamiento y presentacion a Comité Técnico de un total de 124 predios URBANOS; 124 por causal 7 componente de 5 años de administracion ,asi mismo en el segundo trimestre se presentaron 9 casos por la causal 7 en el (Comité Técnico No. 15-2024) 3. Durante el tercer trimestre se realizó el alistamientoy presentación a Comité Técnico de un total de 120 predios urbanos. 4.Para el tercer trimestre se realizo el alistamiento y presentacion a comite tecnico de 13 casos de predios urbanos.
A37: 30 | B37: Financiera | C37: 04. Generar rentabilidad económica a partir de la diversificación de ingresos, para la inversión social y la lucha contra el crimen organizado. | D37: Diseñar y/o implementar estrategias de ahorro en la administración de activos. | E37: Generar ahorros producto de la implementación de esquemas de disposición temporal o definitiva de los bienes muebles | F37: Disposición Temporal Disposición Final | G37: Administración de destinación provisional Otras modalidades de disposición final | H37: Dirección para la Democratización de Activos Muebles | I37: SÍ | J37: Ahorro por disposición temporal o definitiva de bienes muebles | K37: Gestión | L37: Economía | M37: Programación anual | N37: ( Valor de ahorro de bienes muebles por disposición temporal y final/ Valor proyectado de ahorro para la vigencia de bienes muebles a disponer temporal o definitivamente)*100% | O37: Objetivo del indicador: medir el valor del ahorro en la vigencia, generado por la disposición temporal o definitiva de bienes muebles. Numerador: corresponde al valor económico ahorrado en la vigencia por disposición temporal o definitiva de bienes muebles. Denominador: corresponde al valor proyectado de ahorro (costos directos por almacenamiento y bodegaje) desde la fecha de entrega de disposición temporal o definitiva hasta el cierre de la vigencia. | P37: 700000000 | Q37: Trimestral | R37: 813690919 | S37: 700000000 | T37: 1.1624156 | U37: 1 | V37: 1 | W37: Se ha generado ahorro por disposicion final y temporal de la suma de $168,562,736 Gestión de ahorro por traslado de operadores logisticos y dismiinución de costos de almacenamiento. $240,492,000, gestiones de ahorro de años anteriores 54,636,138, por administracion de semovientes $350,000,000
A38: 31 | B38: Financiera | C38: 04. Generar rentabilidad económica a partir de la diversificación de ingresos, para la inversión social y la lucha contra el crimen organizado. | D38: Diseñar y/o implementar estrategias de ahorro en la administración de activos. | E38: Realizar la chatarrización de bienes muebles generando ahorros para la Entidad | F38: Disposición Final | G38: Otras Modalidades de Disposición Final | H38: Dirección para la Democratización de Activos Muebles | I38: SÍ | J38: Chatarrizaciones realizadas | K38: Gestión | L38: Eficacia | M38: Programación anual | N38: (Número de bienes entregados a la desintegradora para chatarrizar / Número de bienes programados para chatarrización) *100% | O38: Objetivo del indicador: medir la chatarrización de los bienes muebles. Numerador: bienes muebles entregados a la desintegradora. Denominador: corresponde al número de bienes programados para chatarrización como los medios de transporte de material ferroso con concepto favorable para chatarrizar. | P38: 150 | Q38: Trimestral | R38: 114 | S38: 150 | T38: 0.76 | U38: 1 | V38: 0.76 | W38: Durante el cuarto trimestre se adelanto la chatarrizacion de 70 medios de transporte para un total de 114 medios de transporte conformados por 1 aeronave, 10 unidades de carga y 103 vehiculos. | X38: 20244300005364 LSC CAUSAL 1 - 6 vehiculos 20244300011884 -20 vehículos 20244300002634 LSC CAUSAL 3 - 6 vehiculos 20244300005394 LCE - 1 Vehiculo 20244300011424 - 9 vehiculos 20244300008884 - 11 vehículos En total quedarón en tramite de acto administrativo 53 medios de transporte que nos huibiesen permitido sobrepasar la meta de chatarrización planteada para la vigencia.
A39: 32 | B39: Financiera | C39: 04. Generar rentabilidad económica a partir de la diversificación de ingresos, para la inversión social y la lucha contra el crimen organizado. | D39: Diseñar y/o implementar estrategias de ahorro en la administración de activos. | E39: Reducir los inventarios de bienes muebles que implican un impacto ambiental | F39: Disposición Final | G39: Otras Modalidades de Disposición Final | H39: Dirección para la Democratización de Activos Muebles | I39: SÍ | J39: Destrucción de bienes muebles que puedan generar un impacto ambiental | K39: Gestión | L39: Eficacia | M39: Demanda | N39: (Número de toneladas de bienes muebles destruidos / Total de toneladas de bienes muebles objeto a destruir) *100% | O39: Objetivo del indicador: medir la destrucción de bienes muebles para mitigar el impacto ambiental en toneladas. Numerador: corresponde a las toneladas de los bienes muebles destruidos que puedan generar un impacto ambiental. El denominador: corresponde al total de toneladas de bienes muebles que puedan generar un impacto ambiental y que son programados para ser destruidos en el vigencia (sustancias químicas, minerales y los muebles y enseres que tengan conceptos técnicos de destrucción). | P39: 15 | Q39: Trimestral | R39: 6 | S39: 15 | T39: 0.4 | U39: 1 | V39: 0.4 | W39: Durante este trimestre ya se adelantó la destrucción de 329 bienes muebles, con un peso aproximado de 6 toneladas, adicionalmente para el ultimo trimestre se encuentra listo para iniciar la destruccion de 9 toneladas de sustancias quimicas aproximadamente | X39: El bajo cumplimiento de este indicador obedece a que no fue posible adelantar la destruccion de sustancias quimicas aunque se prorrogo la lista de proveedores la Dirección de contratos ha devuelto durante tres meses las polizas por solicitudes adicionales a las inicialmente requeridas, lo que implica la disminución en un 75% de las sustancias en almacenamiento.
A40: 33 | B40: Financiera | C40: 04. Generar rentabilidad económica a partir de la diversificación de ingresos, para la inversión social y la lucha contra el crimen organizado. | D40: Adelantar procesos de comercialización y venta de activos | E40: Gestionar la generación de ingresos a partir de la disposición de bienes muebles | F40: Disposición Final | G40: Comercialización de Activos | H40: Dirección para la Democratización de Activos Muebles | I40: SÍ | J40: Ingresos por disposición final de bienes muebles | K40: Producto | L40: Economía | M40: Programación anual | N40: (Valor total de ingresos recibidos por disposición final de bienes muebles / Valor total presupuestado por concepto de ingresos por disposición final de bienes muebles) *100% | O40: Objetivo del indicador: medir la generación de ingresos por disposición final de bienes muebles. Numerador: corresponde a los ingresos por concepto de venta, chatarrización, siniestro, entre otras modalidades de disposición final. El tipo de muebles a disponer finalmente pueden ser: * Semovientes * Muebles y enseres * Medios de transporte * Oro * Obras de arte. * Sustancias químicas * Joyas Denominador: el valor presupuestado de ingresos corresponde al valor de venta de los bienes muebles valorados como comerciales a partir del precio mínimo de ventas; al valor proyectado de ingresos por chatarrización, y al valor de ingresos por siniestro producto de reclamaciones a las aseguradoras, entre otros. | P40: 16200000000 | Q40: Trimestral | R40: 8905935459 | S40: 12200000000 | T40: 0.72999471 | U40: 1 | V40: 0.72999471 | W40: El cumplimiento de este indicador se afecto porque el contrato del martillo que amplio su cobertura a la comercialización de todos los bienes de esta Sociedad, salio hasta el mes de diciembre, lo que implico que aproximadamente durante un periodo de 4 meses no se adelantarón subastas de bienes muebles | X40: a la fecha se lleva un total acumulado de bienes comercializados por los siguientes conceptos: semovientes: $4,745,690,400 medios de transporte: $3,319,515,999 otros ingresos. 266,680,624 Productividad lechera: $489.184,436 ingresos por chatarrizacion : $84,864,000 El denominador del indicador se actualiza de acuerdo a la resolución 0001 de 2024, del CNE, en donde modifica el prespuesto del FRISCO
A41: 34 | B41: Financiera | C41: 04. Generar rentabilidad económica a partir de la diversificación de ingresos, para la inversión social y la lucha contra el crimen organizado. | D41: Generar ingresos producto de la administración o disposición temporal de activos | E41: Recaudar ingresos producto de contratos suscritos bajo el esquema de administración temporal | F41: Disposición Temporal | G41: Administración Directa | H41: Dirección Territorial Caribe | I41: SÍ | J41: Recaudo de Contratos | K41: Gestión | L41: Economía | M41: Programación anual | N41: (Valor recaudado/ Meta de recaudo esperado producto de contratos bajo esquemas de administración temporal)*100% | O41: Objetivo del indicador: medir el recaudo realizado producto de contratos bajo esquemas de administración temporal. Numerador: corresponde al valor recaudado producto de contratos de arrendamiento, de transacción, de legalización, saneamiento (reconocimiento de contratos de arrendamiento de bienes inmuebles) y recuperación de cartera. Denominador: corresponde al valor económico de recaudo establecido como meta para la anualidad. | P41: 30000000000 | Q41: Trimestral | R41: 11580000000 | S41: 27000000000 | T41: 0.42888889 | U41: 1 | V41: 0.42888889 | W41: Se ha continuado con dificultades para el cargue de los contratos en la nueva plataforma TESEO, esto retrasa el inicio de la facturación de contratos nuevos, transacciones y prorrogas que se debían cargar en este trimestre; además, desde el sistema de facturación de SAE existen errores o impedimentos que obstaculizan la facturación para ciertos negocios -Ejemplo: caso ICBF, Base Naval, entre otros- lo que impide una correcta gestión de cobro ya que los arrendatarios se niegan a realizar los pagos si no se les emite de manera correcta la factura. Se ha avanzado en el saneamiento y las prórrogas de los contratos que no estan facturando realizando terminaciones y contratos nuevos y de transaccion; asi mismo, se está depurando la cartera irreal de la territorial a traves de la elaboracion de fichas de auditoria y ajustes a los contratos, la cual se origina por la existencia de contratos en la plataforma que ya finalizaron por cumplimiento del plazo o alguna otra razón. | X41: Se fortaleció el área comercial con el ingreso de un PE 1 encargado de realizar el seguimiento e impulso a los nuevos y antiguos negocios de disposición temporal que impactan el recaudo en la territorial. Se están realizando ruedas de negocios virtuales y salas de normalizacion de cartera de manera semanal, con el objeto de acercar a las personas a nuestras ofertas comerciales -arriendo, venta, transacción- y de cartera -acuerdos de pago-; se reestructuró la gestión de los intereses de arriendo dando más dinamismo a la gestión de estos con el objeto de aumentar la tasa de cierre de nuevos negocios que permitan el cumplimiento del indicador; también, se están gestionando las terminaciones en sistema, así como las prórrogas y los saneamientos. Está en ejecución un plan de mejoramiento estructural del área que permita aumentar el recaudo constituido por los elementos descritos.
A42: 35 | B42: Financiera | C42: 04. Generar rentabilidad económica a partir de la diversificación de ingresos, para la inversión social y la lucha contra el crimen organizado. | D42: Generar ingresos producto de la administración o disposición temporal de activos | E42: Recaudar ingresos producto de contratos suscritos bajo el esquema de administración temporal | F42: Disposición Temporal | G42: Administración Directa | H42: Dirección Territorial Centro Oriente | I42: SÍ | J42: Recaudo de Contratos | K42: Gestión | L42: Economía | M42: Programación anual | N42: (Valor recaudado/ Meta de recaudo esperado producto de contratos bajo esquemas de administración temporal)*100% | O42: Objetivo del indicador: medir el recaudo realizado producto de contratos bajo esquemas de administración temporal. Numerador: corresponde al valor recaudado producto de contratos de arrendamiento, de transacción, de legalización, saneamiento (reconocimiento de contratos de arrendamiento de bienes inmuebles) y recuperación de cartera. Denominador: corresponde al valor económico de recaudo establecido como meta para la anualidad. | P42: 6.8e+10 | Q42: Trimestral | R42: 56000074066 | S42: 6.8e+10 | T42: 0.8235305 | U42: 1 | V42: 0.8235305 | W42: Recaudo de 7,427 contratos activos entre enero a diciembre de 2024. | X42: Se recomienda convocar a las Direcciones Territoriales para la reformaluación de esta meta de recaudo y priorizar esfuerzos para la venta de activos como ingresos más aportantes a la meta global.
A43: 36 | B43: Financiera | C43: 04. Generar rentabilidad económica a partir de la diversificación de ingresos, para la inversión social y la lucha contra el crimen organizado. | D43: Generar ingresos producto de la administración o disposición temporal de activos | E43: Recaudar ingresos producto de contratos suscritos bajo el esquema de administración temporal | F43: Disposición Temporal | G43: Administración Directa | H43: Dirección Territorial Occidente | I43: SÍ | J43: Recaudo de Contratos | K43: Gestión | L43: Economía | M43: Programación anual | N43: (Valor recaudado/ Meta de recaudo esperado producto de contratos bajo esquemas de administración temporal)*100% | O43: Objetivo del indicador: medir el recaudo realizado producto de contratos bajo esquemas de administración temporal. Numerador: corresponde al valor recaudado producto de contratos de arrendamiento, de transacción, de legalización, saneamiento (reconocimiento de contratos de arrendamiento de bienes inmuebles) y recuperación de cartera. Denominador: corresponde al valor económico de recaudo establecido como meta para la anualidad. | P43: 48000000000 | Q43: Trimestral | R43: 34538336318 | S43: 48000000000 | T43: 0.71954867 | U43: 1 | V43: 0.71954867 | W43: El avance del indicador es del 72% al cuarto trimestre, teniendo en cuenta que uno de los factores que afectan el cumplimiento del indicador son las terminaciones resultantes de la revisión de los contratos de arrendamiento toda vez que dentro de la revisión se evidencia que hay contratos con afectados (DNE) y no existe prorroga automática por estas variables se ve afectado el indicador toda vez que hay que darle cumplimiento a la Metodología. Adicional, como mecanismo para mitigar riesgos que puedan existir dentro del proceso como contratar con un arrendatario que por metodología no sea procedente se deben enviar documentos a la GREC, proceso que suma para poder lograr la celebración de los contratos. | X43: Como mecanismo para alcanzar el cumplimiento del indicador de recaudo, en la Territorial Occidente se promueve la celebracion de contratos de transacción con los arrendatarios que en su contrato no contempla la prorroga automática adicional se estan realizando otrosí al contrato para cuidar el recuado y minizar el riesgo de no recibir estos dineros por usufruto. Como otras estrategías, se realiza la revisión de la facturación minuciosamente para lograr que todos los contratos facturen y se recuaden dentro del mismo mes. Implementación de el cobraton que consiste en hacer brigada de cobro de cartera de los contratos que deben ser recuperados por la Territorial de acuerdo a metodología.
A44: 37 | B44: Financiera | C44: 04. Generar rentabilidad económica a partir de la diversificación de ingresos, para la inversión social y la lucha contra el crimen organizado. | D44: Generar ingresos producto de la administración o disposición temporal de activos | E44: Recaudar ingresos producto de contratos suscritos bajo el esquema de administración temporal | F44: Disposición Temporal | G44: Administración Directa | H44: Dirección Territorial Sur | I44: SÍ | J44: Recaudo de Contratos | K44: Gestión | L44: Economía | M44: Programación anual | N44: (Valor recaudado/ Meta de recaudo esperado producto de contratos bajo esquemas de administración temporal)*100% | O44: Objetivo del indicador: medir el recaudo realizado producto de contratos bajo esquemas de administración temporal. Numerador: corresponde al valor recaudado producto de contratos de arrendamiento, de transacción, de legalización, saneamiento (reconocimiento de contratos de arrendamiento de bienes inmuebles) y recuperación de cartera. Denominador: corresponde al valor económico de recaudo establecido como meta para la anualidad. | P44: 54000000000 | Q44: Trimestral | R44: 36699551306 | S44: 54000000000 | T44: 0.67962132 | U44: 1 | V44: 0.67962132 | W44: El recaudo mensual hasta el 31 de diciembre de 2024 por parte de la Dirección territorial Sur por concepto de cánones de arrendamiento ha sido de $ 26,151,117,924.00, distribuido así mensualmente así; Enero: $ 3.32.160.894; Febrero: $ 3.291.696.407; Marzo: $ 3.082.507.851; Abril: $ 2.924.171.411; Mayo: $ 3.114.705.896; Junio: $ 2.915.398.252; Julio $ 3.259.986.759; Agosto $ 2.892.895.806; Septiembre $ 3.125.554.335; Octubre $ 2.847.967.079; Noviembre $ 3.220.570.657; Diciembre $ 2.702.487.903. Frente a lo facturado de $ 27,057,851,256, distribuido así mensualmente así, Enero: $ 3.088.519.129; Febrero: $ 3.471.640.941; Marzo: $ 3.034.534.802; Abril: $ 4.088.638.942; Mayo: $ 3.445.744.536; Junio: $ 3.517.365.126; Julio $ 3.346.073.032; Agosto $ 3.495.776.570; septiembre $ 3.291.579.907; Octubre $ 3.408.621.727; Noviembre $ 3.272.454.461; Diciembre $ 4.154.491.858, cumpliendo un 87% de efectividad del recaudo frente a lo facturado, existe un dato atípico relacionado con el contrato 6364, de una factura emitida en diciembre de 2024 por un valor de $658.148.000. Este valor ha ocasionado una variación significativa en las cifras de facturación para dicho mes. | X44: Para el año 2024, el valor facturado ha sido de $ 41.615.441.039, y lo recaudado de $ 36.699.551.306, teniendo así una efectividad del recaudo versus lo facturado del 87%, hay que tener en cuenta que, existe un dato atípico relacionado con el contrato 6364, de una factura emitida en diciembre de 2024 por un valor de $658.148.000. Este valor ha ocasionado una variación significativa en las cifras de facturación para dicho mes. Así las cosas, es importante tener en cuenta el factor fundamental de lo facturado mensualmente, dado que, este valor es sobre el cual podemos medir la efectividad en el recaudo. La territorial sur reconoce que el alcance de la meta de este indicador, es una composición de efectividad de recaudo versus lo facturado, más, la recuperación de cartera en mora, sin embargo, de acuerdo con la base de contratos del 31/12/2024 hay una cartera de $ 30.875.371.859 identificado cómo “Saldo Deuda” que corresponde a $17.235.759.654de contratos terminados y 13.639.612.205 de contratos aprobados. Se debe aclarar que la recuperación de cartera se realiza de manera directa, mediante CISA y cobro jurídico de abogados externos, por lo tanto, asegurar una recuperación del 100% de lo vencido es una afirmación errada, dado que, se contempla que las deudas con procesos jurídicos sean rebajadas, renegociadas o declaradas nulas por un juez de la república, el cobro directo y de CISA recurre principalmente al cobro mediate acuerdos de pago, lo que implica una división en cuotas a lo adeudado, creando una expectativa de recaudo sin garantizar el cumplimiento total, que además, es un recaudo a mediano plazo, por lo tanto, existe la probabilidad de no sea saneada esa cartera para la vigencia anual que pide el indicador. Dado lo anterior, la territorial solicita el reajuste y disminución del indicador, colocando este, frente a cifras alcanzables, según lo argumentado, sin embargo, la territorial reconoce su compromiso con la entidad y la consecución de la metas, generando estrategias de recuperación de cartera de manera directa contemplando aquellas deudas que no estén asignada a los terceros (CISA y Abogados Externos) y garantizando el recaudo de lo facturado, atacando de manea preventiva la generación de nuevas moras mayores a 30 días, además una estrategia de legalización de ocupaciones irregulares más efectivas y la suscripción de nuevos contratos de tipo comercial y de vivienda urbana, los cuales impactan de manera positiva al valor facturado mensualmente.
A45: 38 | B45: Financiera | C45: 05. Garantizar la recuperación de cartera por procesos de cobro persuasivo y judicialización. | D45: Gestionar la recuperación de cartera producto de la administración de activos. | E45: Recuperar las obligaciones vencidas superiores a 180 días identificadas para judicialización | F45: Gestión Jurídica | G45: Defensa Judicial | H45: Dirección de Asuntos Legales Misionales | I45: SÍ | J45: Cartera recuperada por judicialización | K45: Gestión | L45: Economía | M45: Programación anual | N45: (Valor de cartera recuperada/ Valor de la cartera programada a recuperar en la vigencia) * 100% | O45: Objetivo del indicador: medir la recuperación de la cartera por judicialización. Numerador: es el valor de cartera recaudado por SAE que fue programado para recuperar. Denominador: corresponde a la programación de cartera a recuperar en la vigencia. El valor a programar para la vigencia es de 2.000 millones de pesos. Nota: los datos de recaudo y metas son acumulados. | P45: 2000000000 | Q45: Trimestral | R45: 1494254952 | S45: 2000000000 | T45: 0.74712748 | U45: 1 | V45: 0.74712748 | W45: Este indicador es la recuperación de cartera del primer, segundo, tercer y cuarto trimestre del 2024, este porcentaje es el resultado de un trabajo en conjunto de la dependencia de Defensa Judicial y los abogados externos, que tiene como principal objetivo identificar los casos de cartera recuperables, iniciar el proceso civil correspondiente al caso, acompañar la solicitud de las medidas cautelares dentro los procesos ejecutivos y suscribir acuerdos de pago exitosos con los arrendatarios. En la siguiente ruta se identifican la base en formato Excel que refieren el soporte de la cifra indicada: https://saesas-my.sharepoint.com/personal/dirplaneacion_saesas_gov_co/_layouts/15/onedrive.aspx?id=%2Fpersonal%2Fdirplaneacion%5Fsaesas%5Fgov%5Fco%2FDocuments%2FPAI%2FAsuntos%20Legales%2F24%2DT4%2FEvidencias&sortField=FileLeafRef&isAscending=true&ct=1735920114879&or=OWA%2DNT%2DMail&cid=5e82982f%2D951c%2D7a85%2Dc7e9%2D215f1016a77d&ga=1
A46: 39 | B46: Grupos de Interés | C46: 06. Garantizar el acceso a la información pública, la participación ciudadana y el diálogo social entre la SAE y poblaciones constitucionalmente protegidas y demás grupos de interés, con principios de inclusión, transparencia, calidad y consistencia. | D46: Diversificar estrategias y canales de información pública dirigidos a la ciudadanía | E46: Promover el portafolio comercial de la SAE en los diferentes grupos de interés | F46: Comunicación y Atención de Requerimientos | G46: Comunicación Organizacional | H46: Oficina de Prensa y Comunicaciones | I46: SÍ | J46: Activaciones de la gestión comercial | K46: Gestión | L46: Eficacia | M46: Programación anual | N46: (Número de activaciones realizadas con enfoque comercial / Número de activaciones de la gestión comercial programadas )*100% | O46: Objetivo del indicador: medir el número de activaciones de la gestión comercial apoyadas y/o realizadas por la Oficina de Comunicaciones y Atención al Ciudadano. Numerador: corresponde a las activaciones realizadas y/o acompañadas por parte de la Oficina de Comunicaciones en coordinación con la Gerencia Comercial. Denominador: las activaciones programadas corresponden a las acciones de acompañamiento de actividades de publicidad, promoción y estrategias comunicativas de comercialización, de acuerdo con articulación con la Gerencia Comercial. | P46: 4 | Q46: Trimestral | R46: 4 | S46: 4 | T46: 1 | U46: 1 | V46: 1 | W46: Primer Trimestre: La Oficina de Prensa y Comunicaciones realizó la públicación de una encuesta donde se debían registrar los interesados en la venta masiva. Igualmente se realizaron dos foros de la gestión comercial que realiza actualmente la Entidad. Que se puede evidenciar en la página www.saesas.gov.co Segundo semestre: La Oficina de Prensa y Comunicaciones realizó presencia con un stand en la Feria de Finca Raíz, donde se promocionaron los inmuebles para venta y arriendo en el inventario de la SAE. https://www.instagram.com/p/C7Fb5Icuekj/?utm_source=ig_web_copy_link&igsh=MzRlODBiNWFlZA= Tercer Trimestre: Se realizó campaña de comunicaciones para promover la participacion de la SAE en el Gran Salón Inmobiliario, realizado del 8 al 11 de agosto de 2024. Además, la oficina de comunicaciones realizó un stand de la SAE para que dar a conocer el portafolio de inmuebles disponibles para venta y arriendo en este espacio. https://www.instagram.com/p/C-iKzNUOdqs/?hl=es https://www.instagram.com/p/C-gg2a3OGm4/?hl=es&img_index=1 https://www.instagram.com/reel/C-gD7oVu-6-/?utm_source=ig_web_copy_link&igsh=MzRlODBiNWFlZA==
A47: 40 | B47: Grupos de Interés | C47: 06. Garantizar el acceso a la información pública, la participación ciudadana y el diálogo social entre la SAE y poblaciones constitucionalmente protegidas y demás grupos de interés, con principios de inclusión, transparencia, calidad y consistencia. | D47: Generar espacios de participación ciudadana y diálogo social con los grupos de interés de SAE | E47: Realizar la gestión logística y comunicativa de los eventos de entrega de predios con enfoque social | F47: Comunicación y Atención de Requerimientos | G47: Comunicación Organizacional | H47: Oficina de Prensa y Comunicaciones | I47: SÍ | J47: Gestión de eventos con enfoque social | K47: Gestión | L47: Eficacia | M47: Demanda | N47: (Número de eventos de entregas de activos con enfoque social/ Número de eventos de entregas programados o solicitados)*100% | O47: Objetivo del indicador: medir la gestión logística y comunicativa de los eventos de entrega de predios con enfoque social Numerador: corresponde el acompañamiento brindado por la Oficina de Comunicaciones y Atención al Ciudadano en los eventos de entrega de predios con enfoque social surtiendo las etapas de preproducción, montaje y difusión de eventos sociales. Denominador: corresponde a los eventos de entregas de predios con enfoque social solicitados por las áreas o programados por la Oficina de Comunicación y Atención al Ciudadano. | P47: 1 | Q47: Trimestral | R47: 56 | S47: 13 | T47: 1 | U47: 1 | V47: 1 | W47: Primer Trimestre: La Oficina de Prensa y Comunicaciones realizó el diseño, cubrimiento y presentación de eventos de entrega de los inmubles de la SAE, se pueden evidenciar a través de las redes sociales: Facebook: @activosSAE X: @activosSAE Instagram: @Saesas1 Segundo Trimestre: La Oficina de Prensa y Comunicaciones realizó el diseño, cubrimiento y presentación de eventos de entrega de los inmubles de la SAE, se pueden evidenciar a través de las redes sociales: Facebook: @activosSAE X: @activosSAE Instagram: @Saesas1 Tercer trimestre: La oficina de comunicaciones realizó, presentó y desarrollo el cubrimiento de 11 eventos donde se llevo a cabo la entrega de más de 40 predios. Se pueden evidenciar a través de las redes sociales: Facebook: @activosSAE X: @activosSAE Instagram: @Saesas1 Cuarto trimestre: La oficina de comunicaciones realizó, presentó y desarrollo el cubrimiento de 6 eventos donde se llevo a cabo la entrega de más de 10 predios. Se pueden evidenciar a través de las redes sociales: Facebook: @activosSAE X: @activosSAE Instagram: @Saesas1
A48: 41 | B48: Grupos de Interés | C48: 07. Promover la creación de alianzas público populares, comunitarias, cooperativas, corporativas y de cooperación internacional, que permitan el uso y el goce de bienes y servicios de la SAE por parte de sus grupos de interés, así como su fortalecimiento institucional. | D48: Generar alianzas estratégicas para el cumplimiento de los objetivos institucionales de SAE | E48: Acompañar a los depositarios y gerentes populares | F48: Recepción y Registro | G48: Administración del registro de Depositarios Provisionales y Liquidadores del FRISCO | H48: Gerencia de Depositarios, Mandatarios y Liquidadores | I48: SÍ | J48: Implementación del Piloto de estrategia de acompañamiento | K48: Gestión | L48: Eficacia | M48: Demanda | N48: (Actividades implementadas de la estrategia de acompañamiento/ Actividades programadas en la estrategia de acompañamiento de depositarios y gerentes populares) * 100% | O48: Objetivo del indicador: medir la implementación del primer piloto de la estrategia de acompañamiento de depositarios y gerentes populares durante la vigencia. Numerador: corresponde a las actividades implementadas por parte del GIT de Depositarios Provisionales de conformidad con el plan de trabajo de implementación de la estrategia de acompañamiento. Denominador: las actividades programadas corresponden a las establecidas en el cronograma del piloto de la estrategia de acompañamiento de depositarios y gerentes populares. Este cronograma incluye actividades enmarcadas en las siguientes fases: 1. Sectorizar la convocatoria de depositarios y gerentes populares. 2. Brindar orientación durante la inscripción de depositarios y gerentes populares. 3. Capacitación de mecanismo de depósito provisional. 4. Capacitaciones en la etapa de asignación de activos. | P48: 1 | Q48: Trimestral | R48: 4 | S48: 4 | T48: 1 | U48: 1 | V48: 1 | W48: 07-01-2025: Durante el año 2024, el equipo de Populares de la Gerencia de Depositarios implemento la estrategia de acompañamiento. A continuación, se detallan las principales acciones realizadas: El equipo de populares se encargó del diseño y desarrollo integral de la Convocatoria 02 de 2024, orientada a la incorporación de nuevos depositarios y gerentes populares. En donde se realizaron sesiones de socialización en las diferentes Direcciones Territoriales. Se brindo la atención por medio de PQR, llamadas y presencial para resolver las dudas relacionadas con la convocatoria. Uno de los pilares fundamentales de este año ha sido la capacitación específica en administración de activos. Se realizarion sesiones formativas enfocadas en la gestión eficiente de los activos asignados a los depositarios y gerentes populares. | X48: N/A
A49: 42 | B49: Grupos de Interés | C49: 08. Posicionar a la SAE como una entidad líder en la administración transparente de activos a nivel local, nacional e internacional con enfoque social, ambiental y productivo | D49: Diseñar estrategias de medición de percepción de calidad y/o oportunidad del servicio ofrecido por SAE a nivel externo e interno | E49: Atender oportunamente requerimientos administrativos de las áreas | F49: Administración de Bienes de Funcionamiento | G49: Gestión Administrativa Administración de Activos Fijos y Bienes de Consumo | H49: Dirección Administrativa | I49: SÍ | J49: Oportunidad de atención a requerimientos administrativos | K49: Gestión | L49: Calidad | M49: Demanda | N49: (Solicitudes administrativas atendidas en el tiempo oportuno / Solicitudes administrativas requeridas por las áreas) *100% | O49: Objetivo del indicador: medir la atención oportuna de los requerimientos administrativos. Numerador: corresponde a las solicitudes administrativas gestionada como máximo dentro de los dos (2) días siguientes a la solicitud. Denominador: corresponde a las solicitudes administrativas de logística de eventos, gestión de recursos (físicos, tecnológicos, instalaciones, entre otros), envío de elementos, entre otros, realizadas por parte del área de manera verbal o escrita. Estas solicitudes se registran en el F-AB1-294 Formato Seguimiento Servicios atendidos a las áreas. | P49: 1 | Q49: Trimestral | R49: 110 | S49: 110 | T49: 1 | U49: 1 | V49: 1 | W49: Durante el año 2024 se atendieron un total de 110 requerimientos, distribuidos asi: Para el primer trimestre del año 2024, Se atendieron oportunamente un total de (22) solicitudes realizadas por las diferentes áreas de la SAE. Para el segundo trimestre del año 2024, Se atendieron oportunamente un total de (22) solicitudes realizadas por las diferentes áreas de la SAE. Para el tercer trimestre del año 2024, Se atendieron oportunamente un total de (23) solicitudes realizadas por las diferentes áreas de la SAE. Para el cuarto trimestre del año 2024, Se atendieron oportunamente un total de (43) solicitudes realizadas por las diferentes áreas de la SAE.
A50: 43 | B50: Grupos de Interés | C50: 08. Posicionar a la SAE como una entidad líder en la administración transparente de activos a nivel local, nacional e internacional con enfoque social, ambiental y productivo | D50: Diseñar estrategias de medición de percepción de calidad y/o oportunidad del servicio ofrecido por SAE a nivel externo e interno | E50: Medir la oportunidad en la atención de solicitudes de comisión o desplazamientos de viajes | F50: Gestión de viáticos y comisiones | G50: Administración de viáticos y comisiones | H50: Dirección Administrativa | I50: SÍ | J50: Oportunidad de atención de solicitudes de comisión o desplazamiento de viajes | K50: Gestión | L50: Calidad | M50: Demanda | N50: (Solicitud de comisión o desplazamiento de viaje atendida oportunamente/ Solicitudes de comisión o desplazamiento de viajes realizadas por las áreas)*100% | O50: Objetivo del indicador: medir el trámite oportuno de las solicitudes de comisión o desplazamiento de viaje. Numerador: la atención de la solicitud de comisión o desplazamiento de viaje por el GIT de Viáticos y Comisiones contempla el trámite de compra de tiquetes, reserva de hoteles o trámites de cancelaciones requeridas. Se considera atendida oportunamente una comisión o desplazamiento El tiempo oportuno de atención del trámite es de dos (2) días hábiles a partir de la solicitud de comisión o desplazamiento aprobada por el líder del proceso. Denominador: corresponde a las solicitudes de comisión o desplazamiento aprobadas por parte del líder del proceso, diligenciadas adecuadamente. | P50: 1 | Q50: Trimestral | R50: 8031 | S50: 8031 | T50: 1 | U50: 1 | V50: 1 | W50: Durante el periodo del cuarto trimestre del año 2024 (octubre, noviembre y diciembre) se recibieron 2.051 solicitudes de comisión de servicio o desplazamiento y fueron gestionadas en su totalidad de manera oportuna.
A51: 44 | B51: Grupos de Interés | C51: 08. Posicionar a la SAE como una entidad líder en la administración transparente de activos a nivel local, nacional e internacional con enfoque social, ambiental y productivo | D51: Diseñar estrategias de medición de percepción de calidad y/o oportunidad del servicio ofrecido por SAE a nivel externo e interno | E51: Distribuir las comunicaciones de entrada y salida oportunamente | F51: Gestión Documental | G51: Gestión y Trámite | H51: Dirección Administrativa | I51: SÍ | J51: Oportunidad de distribución de comunicaciones de entrada y salida | K51: Gestión | L51: Calidad | M51: Demanda | N51: (Comunicaciones de entrada y salida distribuidas de manera oportuna / Comunicaciones de entrada y salida a ser distribuidas o asignadas) *100% | O51: Objetivo del indicador: medir la distribución oportuna de las comunicaciones de entrada y salida. Numerador: corresponde a las comunicaciones distribuidas oportunamente de acuerdo con los siguientes Acuerdos de Niveles de Servicio: * Para comunicaciones de salida: 1 día * Para comunicaciones de entrada: 2 días Denominador: las comunicaciones de salida a ser distribuidas son aquellas que se reciben en el buzón de despacho y las comunicaciones de entrada a ser distribuidas corresponden a las allegadas de manera física o digital por cualquier canal de comunicación. Estas comunicaciones corresponden a las allegadas al GIT. de Archivo y Correspondencia. Observaciones: * Comunicación de entrada: distribución interna de la correspondencia recibida por externos que llega a la entidad * Comunicación de salida: comunicación elaborada por la entidad a ser distribuidas a terceros | P51: 1 | Q51: Trimestral | R51: 39684 | S51: 39684 | T51: 1 | U51: 1 | V51: 1 | W51: Se indica la cantidad de comunicaciones recibidas y enviados / la cantidad de comunicaciones gestionadas en el cuarto trimestre este indicador se realiza a demanda.
A52: 45 | B52: Grupos de Interés | C52: 08. Posicionar a la SAE como una entidad líder en la administración transparente de activos a nivel local, nacional e internacional con enfoque social, ambiental y productivo | D52: Diseñar estrategias de medición de percepción de calidad y/o oportunidad del servicio ofrecido por SAE a nivel externo e interno | E52: Suministrar oportunamente los elementos de consumo solicitados por las áreas | F52: Administración de Bienes de Funcionamiento | G52: Administración de Activos Fijos y Bienes de Consumo | H52: Dirección Administrativa | I52: SÍ | J52: Oportunidad de suministro de elementos de consumo | K52: Gestión | L52: Calidad | M52: Demanda | N52: (Número de solicitudes gestionadas oportunamente /Número de solicitudes recibidas) *100% | O52: Objetivo del indicador: medir la entrega oportuna de los elementos de consumo requeridos por las áreas. Numerador: una entrega de elementos de consumo se considera oportuna cuando ésta se entrega dentro de los cinco (5) días hábiles a partir de la solicitud. Denominador: las solicitudes de elementos de consumo se realizan a través de Seven ERP o correo electrónico. | P52: 1 | Q52: Trimestral | R52: 148 | S52: 148 | T52: 1 | U52: 1 | V52: 1 | W52: En el año 2024 se atendieron un total de 148 solicitudes de este tipo, asi: Para el primer trimestre del año 2024, se gestionaron oportunamente (32) solicitudes de papeleria, utiles de escritorio y oficina. Para el segundo trimestre del año 2024, se gestionaron oportunamente (45) solicitudes de papeleria, utiles de escritorio y oficina. Para el tercer trimestre del año 2024, se gestionaron oportunamente (38) solicitudes de papeleria, utiles de escritorio y oficina. Para el cuarto trimestre del año 2024, se gestionaron oportunamente (33) solicitudes de papeleria, utiles de escritorio y oficina.
A53: 46 | B53: Grupos de Interés | C53: 08. Posicionar a la SAE como una entidad líder en la administración transparente de activos a nivel local, nacional e internacional con enfoque social, ambiental y productivo | D53: Diseñar estrategias de medición de percepción de calidad y/o oportunidad del servicio ofrecido por SAE a nivel externo e interno | E53: Emitir conceptos técnicos de manera oportuna | F53: Diagnóstico y Alistamiento | G53: Diagnóstico de Activos | H53: Dirección de Analítica, Alistamiento y Valoración | I53: SÍ | J53: Oportunidad de conceptos técnicos | K53: Gestión | L53: Calidad | M53: Demanda | N53: (Conceptos técnicos realizados de manera oportuna / Número de conceptos técnicos solicitados) *100% | O53: Objetivo del indicador: medir la oportunidad con la que se generan los conceptos técnicos emitidos. Numerador: se considera que un concepto técnico es oportuno, cuando éste cumple con los siguientes Acuerdos de Nivel de Servicio: * Complejidad alta: corresponde a conceptos técnicos que requieren de recopilación de información de entidades o actores externos. El tiempo para atender de manera oportuna este tipo de conceptos es de 15 a 30 días. * Complejidad media: corresponde a conceptos técnicos que requieren de recopilación de información con otras áreas o de consulta de información secundaria. El tiempo para atender de manera oportuna este tipo de conceptos es de 5 a 15 días. * Complejidad baja: corresponde a conceptos técnicos que se responden con información o conocimiento técnico que tiene la G. Técnica; ejemplo; los conceptos relacionados con nuevos modelos de negocio. El tiempo para atender de manera oportuna este tipo de conceptos es de 1 a 5 días. Denominador: los conceptos técnicos solicitados por parte de las áreas corresponden a conceptos relacionados con viabilidad de nuevos negocios, valoración de activos, normatividad relacionada con ordenamiento territorial, arrendamientos, reparación, obras y mantenimiento, muebles, sociedades, avalúos de inmuebles sociales, entre otros. De estas temáticas se exceptúan la revisión y aprobación de fichas técnicas de caracterización de inmuebles rurales. | P53: 1 | Q53: Trimestral | R53: 231 | S53: 231 | T53: 1 | U53: 1 | V53: 1 | W53: COMPLEJIDAD ALTA: • 45 Conceptos técnicos. Destinación definitiva. • 13 Conceptos técnicos para compra de franjas de terreno. • 9 Conceptos técnicos para servidumbre. • 4 Concepto técnico de oferta de compra directa por cuota parte. • 1 concepto técnico.Permiso de ingreso. • 1 concepto técnico.Saneamiento (desde Alistamiento). • 81 conceptos técnicos, realizados mediante solicitud al grupo de Saneamiento y/o generados como soporte técnico para el saneamiento de uno o varios folios de matrícula inmobiliaria. • 11 Conceptos técnicos aprobación de avalúos bienes muebles. COMPLEJIDAD MEDIA: • 26 conceptos técnicos sobre estimados de renta. • 1 conceptos técnicos enfocados en el análisis y revisión de avalúos comerciales. • 5 conceptos técnicos de estudio para saneamiento catastral de inmuebles. • 5 conceptos correspondientes a la transformación productiva de los inmuebles rurales y revisión de un estimado de renta rural. COMPLEJIDAD BAJA: • 28 conceptos técnicos sobre estimados de renta. • 1 concepto técnico. Estado fitosanitario material vegetal.
A54: 47 | B54: Grupos de Interés | C54: 08. Posicionar a la SAE como una entidad líder en la administración transparente de activos a nivel local, nacional e internacional con enfoque social, ambiental y productivo | D54: Diseñar estrategias de medición de percepción de calidad y/o oportunidad del servicio ofrecido por SAE a nivel externo e interno | E54: Elaborar oportunamente los actos administrativos de destinación definitiva | F54: Gestión Jurídica | G54: Orientación Jurídica | H54: Dirección de Asuntos Legales Misionales | I54: SÍ | J54: Elaboración de actos administración de desalojo y destinación definitiva | K54: Gestión | L54: Calidad | M54: Demanda | N54: ( Actos administrativos de desalojo y destinación definitiva elaborados / Solicitudes de elaboración de actos administrativos de desalojo y destinación definitiva)*100% | O54: Objetivo del indicador: medir la eficacia en la elaboración de actos administrativos de desalojo y/o destinación definitiva. Numerador: corresponde a la elaboración de actos administrativos a partir del envío del acto a la Vicepresidencia Jurídica y Presidencia para su expedición. Denominador: corresponde a las solicitudes de desalojo y/o destinación definitiva de activos realizadas por las áreas misionales, que se encuentran establecidas en la ley. | P54: 1 | Q54: Trimestral | R54: 490 | S54: 565 | T54: 0.86725664 | U54: 1 | V54: 0.86725664 | W54: Se recibieron un total de 565 solicitudes de estudio y elaboración de acto administrativo de destinación definitiva, se elaboraron un total de 490 resoluciones AA Destinación definitiva elaborados: 249 AA Destinación definitiva solicitadas: 565 En la siguiente ruta se identifican la base en formato Excel que refieren el soporte de las cifras indicadas: https://saesas-my.sharepoint.com/personal/dirplaneacion_saesas_gov_co/_layouts/15/onedrive.aspx?id=%2Fpersonal%2Fdirplaneacion%5Fsaesas%5Fgov%5Fco%2FDocuments%2FPAI%2FAsuntos%20Legales%2F24%2DT4%2FEvidencias&sortField=FileLeafRef&isAscending=true&ct=1735920114879&or=OWA%2DNT%2DMail&cid=5e82982f%2D951c%2D7a85%2Dc7e9%2D215f1016a77d&ga=1
A55: 48 | B55: Grupos de Interés | C55: 08. Posicionar a la SAE como una entidad líder en la administración transparente de activos a nivel local, nacional e internacional con enfoque social, ambiental y productivo | D55: Diseñar estrategias de medición de percepción de calidad y/o oportunidad del servicio ofrecido por SAE a nivel externo e interno | E55: Atender de manera oportuna los conceptos contractuales requeridos | F55: Adquisición de Bienes y Servicios | G55: Contratación Supervisión y liquidación | H55: Dirección de Contratación | I55: SÍ | J55: Oportunidad de emisión de conceptos contractuales | K55: Gestión | L55: Calidad | M55: Demanda | N55: (Conceptos contractuales atendidos oportunamente de acuerdo con los tiempos establecidos / Total de solicitudes de conceptos contractuales realizadas por las áreas) * 100% | O55: Objetivo del indicador: realizar la medición de la oportunidad de emisión de conceptos contractuales. Numerador: los conceptos contractuales atendidos oportunamente corresponden a los atendidos dentro de los treinta (30) días hábiles a partir de la recepción de la solicitud del concepto. Denominador: los conceptos contractuales solicitados podrán corresponder a conceptos jurídicos relacionados con contratación, minutas de contratos, revisión de negocios, incumplimientos contractuales, validación de suspensiones y cesiones de contratos, solicitados por las áreas. | P55: 1 | Q55: Trimestral | R55: 6 | S55: 6 | T55: 1 | U55: 1 | V55: 1 | W55: En el cuarto trimestre de la vigencia 2024 a la Dirección de Contratación se le solicitaron 4 conceptos, los cuales fueron expedidos en su totalidad. | X55: La cifra reportada corresponde a 2 conceptos del segundo trimestre del 2024, sumados a los cuatro del presente reporte. RADICADOS ORFEO: 20241200163433, 20241030139083, 20244300133203, 20244100137353
A56: 49 | B56: Grupos de Interés | C56: 08. Posicionar a la SAE como una entidad líder en la administración transparente de activos a nivel local, nacional e internacional con enfoque social, ambiental y productivo | D56: Diseñar estrategias de medición de percepción de calidad y/o oportunidad del servicio ofrecido por SAE a nivel externo e interno | E56: Responder las solicitudes contractuales oportunamente | F56: Adquisición de Bienes y Servicios | G56: Planeación Contractual Contratación | H56: Dirección de Contratación | I56: SÍ | J56: Oportunidad en el trámite de solicitudes contractuales | K56: Gestión | L56: Calidad | M56: Demanda | N56: (Solicitudes contractuales atendidas oportunamente de acuerdo con los tiempos establecidos / Total de solicitudes contractuales realizadas por las áreas) * 100% | O56: Objetivo del indicador: medir la oportunidad del trámite de las solicitudes contractuales. Numerador: corresponde a las solicitudes contractuales atendidas oportunamente de acuerdo con los tiempos establecidos. La solicitud de contratación atendida implica una respuesta oportuna del acta de observaciones contractuales, ya sea favorable o desfavorable en términos de contratación, a partir de la recepción de la solicitud. El término de oportunidad se medirá de acuerdo con los siguientes Acuerdos de Niveles de Servicio: * Complejidad baja: contempla adiciones, prórrogas o contratación nueva con cuantías hasta 100 SMMLV. El término de respuesta es de 7 días hábiles a partir de la recepción de la solicitud a la G. Contratos. * Compleja media: contempla adiciones, prórrogas o contratación nueva con cuantías superiores a 100 SMMLV hasta 500 SMMLV. El término de respuesta es de 10 días hábiles a partir de la recepción de la solicitud a la G. Contratos. * Complejidad alta: contempla adiciones, prórrogas o contratación nueva con cuantías superiores a 500 SMML. El término de respuesta es de 15 días hábiles a partir de la recepción de la solicitud a la G. Contratos. Denominador: corresponde a solicitudes contractuales radicadas hasta el 15 de diciembre de la vigencia. * Para adiciones y prorrogas el área responsable deberá remitir la solicitud contractual con mínimo cinco (5) días hábiles de antelación a la fecha de vencimiento del contrato. | P56: 1 | Q56: Trimestral | R56: 418 | S56: 443 | T56: 0.94356659 | U56: 1 | V56: 0.94356659 | W56: En el cuarto trimestre de la vigencia 2024 la Dirección de Contratación recibió 157 solicitudes contractuales, de las cuales se atendieron 143, así: 10 corresponden a ordenes de compra o servicio, 70 corresponden a nuevas contrataciones y 63 a modificaciones contractuales. La diferencia entre solicitudes contractuales recibidas y las tramitadas, obedece a 12 devoluciones y dos procesos en trámite. | X56: En la vigencia 2024 se radicaron 237 solicitudes de modificación contractual, de las cuales se suscribieron 201 y 36 se devolvieron. Durante la vigencia, se allegaron 206 solicitudes de contrataciones nuevas, de las cuales se sucribieron 217 contratos y ordenes de compra o servicio; 2 se encuentran en trámite, 20 devoluciones, 1 declaratoria de desierto. Se aclara que en una misma solicitud puede derivar diferentes contratos suscritos como en el caso de las convocatorias públicas y para la presente vigencia representan 34 contratos. Se adjunta como evidencia base de datos con la relación de los contratos suscritos por modalidad en la vigencia 2024 desde la Dirección de Contratación.
A57: 50 | B57: Grupos de Interés | C57: 08. Posicionar a la SAE como una entidad líder en la administración transparente de activos a nivel local, nacional e internacional con enfoque social, ambiental y productivo | D57: Realizar y participar en eventos comerciales, corporativos, académicos o estratégicos para el buen posicionamiento de SAE | E57: Participar en eventos estratégicos a nivel nacional e internacional | F57: Direccionamiento Estratégico | G57: Gobierno y Gestión de la Estrategia | H57: Dirección de Proyectos | I57: SÍ | J57: Realización y/o participación en eventos estratégicos a nivel nacional e internacional | K57: Gestión | L57: Eficacia | M57: Demanda | N57: (eventos y/o reuniones estratégicas con participación de SAE / eventos o reuniones estratégicas aprobados programados o solicitados)*100% | O57: Objetivo del indicador: medir la realización y participación de eventos o reuniones estratégicos a nivel nacional e internacional que sean organizados y desarrollados o que cuenten con la participación la Gerencia de Proyectos Especiales para posicionar a SAE en el campo bilateral y multilateral. Numerador: son los eventos o reuniones estratégicas en los que participa la SAE a nivel nacional e internacional. Denominador: son los eventos o reuniones estratégicas aprobados, programadas o solicitadas, que varían de acuerdo a demanda u oferta del entorno. | P57: 1 | Q57: Trimestral | R57: 5 | S57: 5 | T57: 1 | U57: 1 | V57: 1 | W57: Para la vigencia de 2024 se desarrollaron cuatro eventos con la coordinación y gestión de la Dirección de Proyectos, como se indica a continuación: 1. Encuentro COPOLAD Bolívia - 2024 2. Diplomado jóvenes: "Gerencia social con énfasis en Proyectos" 3. Evento: "Ecomomías Populares para la Paz" - Firmantes de Paz 4. Evento-Taller: "Bienes para la Paz, usos para la Vida": Para el cuarto trimestre de 2024 la Dirección de Proyectos desarrolló junto al Comité Permanente de Derechos Humanos y COPOLAD III, la articulación y elaboración y participación en los talleres Bienes para la Paz, usos para la Vida, relacionados con el impacto social del uso de bienes con medidas cautelares de extinción de dominio entregados a organizaciones para el desarrollo de sus proyectos socio-productivos. La Dirección de Proyectos, elaboró también la sistematización de la información recopilada en los talleres y coordinó el evento de cierre a realizar a finales del mes de enero de 2025. 5. Coordinación para la entrega de 1.061 mercados para población vulnerable en Quibdó (Chocó) con el apoyo del ICBF y la Fuerza Aérea. | X57: Modificar Gerencia de Proyectos Especiales por Dirección de Proyectos.
A58: 51 | B58: Grupos de Interés | C58: 08. Posicionar a la SAE como una entidad líder en la administración transparente de activos a nivel local, nacional e internacional con enfoque social, ambiental y productivo | D58: Implementar estrategias de comunicación y posicionamiento de SAE desde un enfoque productivo, social y ambiental | E58: Actualizar el diseño de la página web institucional de acuerdo con lo establecido por la Ley de Transparencia y la nueva imagen institucional. | F58: Comunicación y Atención de Requerimientos | G58: Comunicación Organizacional | H58: Oficina de Prensa y Comunicaciones | I58: SÍ | J58: Diseño de la página web | K58: Gestión | L58: Eficacia | M58: Programación anual | N58: (Etapas de diseño de página web ejecutadas/ Etapas de diseño programadas de la página web)*100% | O58: Objetivo del indicador: medir el grado de avance del diseño de la página web institucional de la SAE. Numerador: corresponde a las etapas de diseño finalizadas por parte de la Oficina de Comunicaciones y Atención al Ciudadano. Denominador: corresponde a las etapas de diseño de la página web que incluyen arquitectura, funcionalidades y diseño de imagen de la página web. | P58: 3 | Q58: Trimestral | R58: 3 | S58: 3 | T58: 1 | U58: 1 | V58: 1 | W58: Cuarto trimestre: La Oficina de Prensa participó en mesas de trabajo con la OTI y la dirección de contratos con el fin de estructurar los estudios previos e investigar las nuevas tendencias consultando expertos en desarrollo web, como el grupo imaginemos desarrollador de plataformas web como Rappi, ETB, entre otras. El proceso continuará en el 2025 dado que el portal web de la SAE es de gran envergadura y con el fin de dar cumplimiento a los objetivos estrategicos de posicionamiento de marca en diferentes públicos y apoyando la estrategia comercial y misional de la entidad se debe continuar con su estructuración y posterior implementación.
A59: 52 | B59: Grupos de Interés | C59: 08. Posicionar a la SAE como una entidad líder en la administración transparente de activos a nivel local, nacional e internacional con enfoque social, ambiental y productivo | D59: Realizar y participar en eventos comerciales, corporativos, académicos o estratégicos para el buen posicionamiento de SAE | E59: Desarrollar espacios virtuales con los diferentes grupos de interés para promover la productividad de los bienes que administra la Entidad. | F59: Comunicación y Atención de Requerimientos | G59: Comunicación Organizacional | H59: Oficina de Prensa y Comunicaciones | I59: SÍ | J59: Espacios virtuales a grupos de interés | K59: Gestión | L59: Eficacia | M59: Programación anual | N59: (Cantidad de espacios virtuales realizados / Cantidad de espacios virtuales programados) *100% | O59: Objetivo del indicador: medir la realización de espacios virtuales realizados en los que se involucren población beneficiaria, población campesina y asociaciones, entidades territoriales, entre otros actores involucrados para dar conocer modalidades de acceso a RTAs de administración o activos de SAE entre otros temas de interés. Numerador: corresponde a la cantidad de espacios virtuales realizados y culminados exitosamente con sus evidencias respectivas. Denominador: corresponde al número de espacios virtuales programados. Los espacios virtuales deben contar con temáticas claras, interlocutores y actores que participan. | P59: 4 | Q59: Trimestral | R59: 4 | S59: 4 | T59: 1 | U59: 1 | V59: 1 | W59: La Oficina de Prensa y Comunicaciones, GIT de Servicio y Atención al Ciudadano realizo los siguientes espacios virtuales. Primer Trimestre: 1. Foro virtual - Bienes de la SAE para entidades públicas https://www.youtube.com/watch?v=Ta6y1RE61xg Segundo Trimestre: 2. Foro virtual - Venta Masiva https://www.youtube.com/watch?v=yVVyI9a97gk 3. Foro virtual - Como ser parte del registro de personas naturales y jurídicas para la administración de empresas de la SAE https://www.youtube.com/watch?v=oQolYuTY1C8 Tercer Trimestre: 4. Foro virtual - Convocatoria: Oficiales de Cumplimiento y Revisores Fiscales para las Sociedades de la SAE https://www.youtube.com/watch?v=4dzt4UAdtNc
A60: 53 | B60: Grupos de Interés | C60: 08. Posicionar a la SAE como una entidad líder en la administración transparente de activos a nivel local, nacional e internacional con enfoque social, ambiental y productivo | D60: Implementar estrategias de comunicación y posicionamiento de SAE desde un enfoque productivo, social y ambiental | E60: Desarrollar estrategias de posicionamiento de la gestión de SAE a nivel interno y externo | F60: Comunicación y Atención de Requerimientos | G60: Comunicación Organizacional | H60: Oficina de Prensa y Comunicaciones | I60: SÍ | J60: Estrategias de posicionamiento sobre la gestión de SAE | K60: Gestión | L60: Eficacia | M60: Programación anual | N60: (Número de estrategias de comunicación realizadas / Número de estrategias de comunicación programadas)*100% | O60: Objetivo del indicador: medir las estrategias de comunicación realizadas sobre la gestión de SAE, con el fin de informar a públicos de interés sobre la administración de activos especiales. Numerador: hace alusión al número de estrategias de comunicación realizadas con sus respectivas evidencias. Denominador: corresponde al número de estrategias programadas para posicionamiento a nivel interno y externo. A nivel interno se tiene previsto hacer uso de: noticiero quincenal (video clips sobre gestión de SAE), canales internos como cartelera de comunicaciones y correo electrónico o WhatsApp A nivel externo se tiene previsto hacer uso de: boletín institucional en canales externos como la página web. Para la vigencia se han fijado 12 estrategias de comunicación (6 internas y 6 externas). | P60: 12 | Q60: Trimestral | R60: 15 | S60: 12 | T60: 1 | U60: 1 | V60: 1 | W60: Primer Trimestre: La Oficina de Prensa y Comunicaciones realizó el diseño y ejecución de tres campañas comunicativas que se pueden evidenciar a través de las redes sociales: Facebook: @activosSAE X: @activosSAE Instagram: @Saesas1 Segundo Trimestre: La Oficina de Prensa y Comunicaciones realizó el diseño y ejecución de siete campañas comunicativas que se pueden evidenciar a través de las redes sociales: Facebook: @activosSAE X: @activosSAE Instagram: @Saesas1 Tercer Trismestre: La Oficina de Prensa y Comunicaciones realizó el diseño y ejecución de dos campañas comunicativas que se pueden evidenciar a través de las redes sociales: Facebook: @activosSAE X: @activosSAE Instagram: @Saesas1 Cuarto Trismestre: La Oficina de Prensa y Comunicaciones realizó el diseño y ejecución de tres campañas comunicativas que se pueden evidenciar a través de las redes sociales: Facebook: @activosSAE X: @activosSAE Instagram: @Saesas1
A61: 54 | B61: Grupos de Interés | C61: 08. Posicionar a la SAE como una entidad líder en la administración transparente de activos a nivel local, nacional e internacional con enfoque social, ambiental y productivo | D61: Diseñar estrategias de medición de percepción de calidad y/o oportunidad del servicio ofrecido por SAE a nivel externo e interno | E61: Medir la percepción y satisfacción que tienen el público externo frente a SAE | F61: Comunicación y Atención de Requerimientos | G61: Comunicación Organizacional | H61: Oficina de Prensa y Comunicaciones | I61: SÍ | J61: Mediciones de satisfacción y/o percepción a nivel externo e interno | K61: Gestión | L61: Eficacia | M61: Programación anual | N61: (Número de mediciones externas e internas realizadas / Número de mediciones externas e internas programadas) 100% | O61: Objetivo del indicador: medir la realización de las mediciones de percepción y satisfacción externas o internas sobre la gestión institucional. Numerador: corresponde al número de mediciones realizadas a nivel externo e interno a través de los canales dispuestos para tal fin. La medición de satisfacción se considera como finalizada cuando se realiza el informe trimestral de los resultados de la encuesta de satisfacción publicada en la página web. La medición de percepción se considera como finalizada cuando se obtienen los resultados de la encuesta a nivel semestral. Denominador: corresponde al número de mediciones programadas de satisfacción y percepción de la gestión de SAE. Para la vigencia se tiene previsto 4 mediciones distribuidas de la siguiente forma: *Medición de satisfacción: 2 mediciones publicadas en página web sobre la calidad del servicio. El cuestionario se encuentra disponible de manera permanente en la página web y su medición se hará con corte trimestral. * Medición de percepción: 2 mediciones a grupos de interés dirigida a personal que registre en base de datos de compradores, arrendatarios, destinatarios, entre otros. | P61: 6 | Q61: Trimestral | R61: 6 | S61: 6 | T61: 1 | U61: 1 | V61: 1 | W61: Primer Trimestre: Debido a los ajustes en el calendario de actividades de la Oficina de Prensa y Comunicaciones, se programó el desarrollo de encuestas internas y/o externas para el segundo trimestre a fin de garantizar la divulgación y recopilación de datos, es por ello, que estimó la Oficina un tiempo mínimo de 3 meses para validar la participación de los funcionarios, la eficacia en los medios de comunicación, la actualización en la información y las tendencias que mantienen la relevancia en la información que se publica en esos medios. Segundo trimestre: Lo comprendido del mes de abril a junio la Oficina La Oficina de Prensa y Comunicaciones, GIT de Servicio y Atención al Ciudadano aplico las siguientes encuestas a los públicos de interés: 1.Encuesta del módulo de PQRSDF la cual evalúa los resultados de satisfacción en la ciudadanía sobre la gestión realizada en el segundo trimestre. (Informe trimestral) 2.Desarrollamos una medición de los canales y contenidos de comunicación interna en la cual se divulga información de interés a los colaboradores de la SAE realizada en el mes de abril del 2024 por medio del chat de WhatsApp (Parche SAE). 3.Preguntamos a la ciudadanía si conoce a la Sociedad de Activos Especiales SAS cuyo objeto era medir el posicionamiento de marca en públicos de interés la cual fue divulgada por medio de Facebook y enviada por correo electrónico el 28 de junio del 2024. 4.Se realizo una encuesta de calidad con el fin de conocer y evaluar el grado de percepción de los ciudadanos ante la Sociedad de Activos Especiales. la cual fue divulgada por medio de Facebook y enviada por correo electrónico el 29 de junio del 2024. Tercer trimestre: De acuerdo con las actualizaciones al proceso de evaluación y seguimiento a los requerimientos de la ciudadanía para la implementación del nuevo aplicativo que servirá para la atención de PQRS, se remitió encuesta de satisfacción y percepción la cual será respondida por la ciudadana al recibir la respuesta a sus solicitudes. Con esta encuesta se pretende hacer la medición de la opinión de los públicos de interés, analizar su satisfacción y posteriormente si se requiere adelantar las acciones de mejora e innovación para la Atención al Ciudadano. Los soportes anteriormente mencionados se visualizan en la carpeta 130 OPC – Atención al Ciudadano. Cuarto trimestre: El análisis de esta encuesta justifica la necesidad de obtener datos representativos sobre la percepción de la población encuestada mediante la prueba de opinión mensual que se realiza dando respuesta a los PQRS. Teniendo en cuenta lo anterior se elaboro el informe final del año 2024 en la cual se tuvieron en cuenta los siguientes aspectos: Población encuestada Interés y aptitud del personal para resolver solicitudes. Calificación del servicio inicial recibido. Rapidez en la atención del motivo de la solicitud. Atención cordial y personalizada. Esta conclusión resume los hallazgos generales de la encuesta, destacando tanto los aspectos positivos como las áreas de mejora, y subraya la importancia del feedback recibido. Los soportes anteriormente mencionados se visualizan en la carpeta 130 OPC – Atención al Ciudadano.
A62: 55 | B62: Grupos de Interés | C62: 08. Posicionar a la SAE como una entidad líder en la administración transparente de activos a nivel local, nacional e internacional con enfoque social, ambiental y productivo | D62: Diseñar estrategias de medición de percepción de calidad y/o oportunidad del servicio ofrecido por SAE a nivel externo e interno | E62: Gestionar las solicitudes de Mesa de ayuda de manera oportuna según los ANS establecidos en el catálogo de servicio | F62: Tecnología | G62: Gestión de Infraestructura Tecnológica Mantenimiento y Soporte de Aplicaciones | H62: Oficina de Tecnologías y Sistemas de la Información | I62: SÍ | J62: Oportunidad de atención de Mesa de ayuda | K62: Gestión | L62: Calidad | M62: Demanda | N62: (N.º de tickets resueltos oportunamente / N.º de tickets radicados en Mesa de ayuda) *100% | O62: Objetivo del indicador: medir la atención oportuna de los tickets que radican las áreas en la Mesa de ayuda. Numerador: corresponde a las solicitudes resueltas cuando en el Sistema de Mesa de Ayuda les asigna el estado de "resuelto". Denominador: los tickets radicados en Mesa de Ayuda corresponden a las solicitudes creadas por los usuarios dentro de la vigencia. Para que sea oportuno el servicio se tienen en cuenta los tiempos (ANS), de acuerdo con el tipo de servicio (catálogo de servicios NT1-061) | P62: 1 | Q62: Trimestral | R62: 12463 | S62: 12561 | T62: 0.99219807 | U62: 1 | V62: 0.99219807 | W62: Durante el 2024 radicaron 12561 tickets en la mesa de servicio, de los cuales se solucionaron 12463 durante la vigencia del 2024 | X62: Todos los tickets se solucionaron de acuerdo con los ANS, se toman en el denominador los radicados durante los ultimos días del año y no se pueden cerrar inmediatamente y se deben cerrar en el 2025
A63: 56 | B63: Procesos | C63: 09. Garantizar la mejora continua del modelo de operación de la SAE basado en acciones de optimización, automatización, control y articulación de procesos contribuyendo a la reducción de tiempos, la transparencia en la operación y el cumplimiento de objetivos institucionales. | D63: Fortalecer estrategias y espacios de control , seguimiento y aseguramiento en el marco de la misionalidad de SAE | E63: Acompañar la agenda legislativa en la que se discutan proyectos estratégicos para SAE | F63: Direccionamiento Estratégico | G63: Gobierno y Gestión de la Estrategia | H63: Despacho del Presidente | I63: SÍ | J63: Acompañamiento a Agenda Legislativa estratégica relacionada con SAE | K63: Gestión | L63: Eficacia | M63: Demanda | N63: (Número de participaciones en la agenda legislativa/Necesidades identificadas relacionadas con agenda legislativa)*100% | O63: Objetivo del indicador: medir el acompañamiento brindado por parte de SAE en la agenda legislativa que contenga temáticas prioritarias o estratégicas para la entidad. Numerador: corresponde a la participaciones en eventos de control político u otros requeridos en la agenda legislativa. Denominador: corresponde a las citaciones recibidas de agenda legislativa en donde debe participar SAE de manera estratégica. El denominador es variable, ya que funciona a demanda de acuerdo con las necesidades identificadas. | P63: 1 | Q63: Trimestral | R63: 1 | S63: 1 | T63: 1 | U63: 1 | V63: 1 | W63: Se recibió solicitud por parte de la Cámara de Representantes con el fin de presentar respuesta por parte de esta Sociedad a las glosas formuladas por la Contraloría General de la República y a las observaciones establecidas por la Comisión Legal de Cuentas tanto para FRISCO como para SAE. Se dio respuesta a las mismas mediante oficio ORFEO 20241000477301 (SAE) y 20241000477611 (FRISCO). La citación al control político para el sustento de las glosas fue aplazada y esta Sociedad se encuentra a la espera de que se agende nuevamente. | X63: El indicador es a demanda, por lo cual, tendiendo en cuenta que no hubo más solicitudes frente a agenda legislativa el indicador se mantiene.Así mismo, dado que no hubo modificación del indicador, los soportes ya fueron remitidos en los anteriores trimestres
A64: 57 | B64: Procesos | C64: 09. Garantizar la mejora continua del modelo de operación de la SAE basado en acciones de optimización, automatización, control y articulación de procesos contribuyendo a la reducción de tiempos, la transparencia en la operación y el cumplimiento de objetivos institucionales. | D64: Fortalecer estrategias y espacios de control , seguimiento y aseguramiento en el marco de la misionalidad de SAE | E64: Fortalecer la articulación nación-territorio para el mejoramiento del modelo operacional de SAE | F64: Direccionamiento Estratégico | G64: Gobierno y Gestión de la Estrategia | H64: Despacho del Presidente | I64: SÍ | J64: Actividades internas con enfoque nación-territorio entre el nivel central y regional de la SAE | K64: Gestión | L64: Eficacia | M64: Programación anual | N64: (Actividades implementadas para el fortalecimiento del nivel central con el regional/ Actividades programadas para el fortalecimiento del nivel central con el regional) *100% | O64: Objetivo del indicador: medir el grado de implementación de las actividades programadas para el fortalecimiento del nivel central con el regional. Numerador: corresponde a las actividades de fortalecimiento ejecutadas conforme plan de trabajo programado. Denominador: las actividades programadas para el 2024 relacionadas con el fortalecimiento del nivel central con el regional corresponden a procesos relacionados con: 1) Estrategia de tierras para la paz, 2) Democratización de activos para la educación pública, 3) Comercialización de activos estratégicos y entre otras definidas y priorizadas por Presidencia. El denominador de este indicador es variable y acumulado de acuerdo con las actividades programadas y las necesidades identificadas durante la vigencia por parte de Presidencia. | P64: 1 | Q64: Trimestral | R64: 3 | S64: 3 | T64: 1 | U64: 1 | V64: 1 | W64: 1. Desde presidencia se articuló con las Gerencias Regionales, hoy direcciones territoriales el plan de trabajo de los bienes susceptibles de entrega bajo la estrategia de democratización de activos para la educación pública, estableciendo la responsabilidad en las regionales (territoriales) para el relacionamiento con los rectores que hacen parte de las instituciones educativas de educación superior en los territorios correspondientes a cada una. Para ello desde Presidencia se estableció una matriz que determinó el Plan de entrega bienes para el 2024 y respecto del cual las Territoriales trabajó. 2. En el marco de comercialización de activos estratégicos se realizaron mesas de trabajo con las territoriales y el Nivel Central, con el fin de establecer la ruta para el seguimiento frente a la formalización de ventas estratégicas, especialmente frente a la Agencia Nacional de Tierras. 3. Dentro de la estrategia de entrega de tierras para la paz se han gestionado en apoyo con la Dirección para la Democratización de Activos Inmuebles Rurales y las territoriales las gestiones para entrega de más de 190 inmuebles bajo diferentes mecanismos de administración atendiendo la estrategia de SAE y del Gobierno Nacional como una línea de trabajo fundamental para aumentar la entrega de tierras que aportan en el proceso de paz. | X64: Los 3 ejes fundamentales se mantuvieron durante el 2024, por lo cual, el indicador no cambio para el último trimestre. Así mismo, dado que no hubo modificación del indicador, los soportes ya fueron remitidos en los anteriores trimestres
A65: 58 | B65: Procesos | C65: 09. Garantizar la mejora continua del modelo de operación de la SAE basado en acciones de optimización, automatización, control y articulación de procesos contribuyendo a la reducción de tiempos, la transparencia en la operación y el cumplimiento de objetivos institucionales. | D65: Estandarizar, optimizar y automatizar procesos de SAE de acuerdo a nuevo modelo operacional | E65: Actualizar las Tablas de Retención Documental de todas las áreas de SAE | F65: Gestión Documental | G65: Organización y Transferencia | H65: Dirección Administrativa | I65: SÍ | J65: Avance de implementación de Tablas de Retención Documental | K65: Gestión | L65: Eficacia | M65: Programación anual | N65: (Número de dependencias con propuesta de TRD elaborada/ Número de dependencias programadas para actualización de TRD)*100% | O65: Objetivo del indicador: medir el estado de avance de la implementación del proceso de actualización de tablas de retención documental en SAE. Numerador: corresponde al número de dependencias que cuenten con propuesta elaborada de Tablas de Retención Documental, es decir, cuando las tablas tengan preaprobación por parte de cada área frente a la conformación de series, subseries y tipos documentales. Denominador: corresponde al total de áreas que conforman a la SAE que requieren actualización de Tablas de Retención Documental. | P65: 48 | Q65: Trimestral | R65: 42 | S65: 48 | T65: 0.875 | U65: 1 | V65: 0.875 | W65: Durante el cuarto trimestre, se completó la etapa de recopilación de información para la actualización de las Tablas de Retención Documental (TRD). Como parte de este proceso, se llevaron a cabo mesas de trabajo con las diferentes áreas, logrando levantar la información necesaria para la propuesta preliminar de las TRD. | X65: No fue posible concretar la aprobación de las TRD debido a los constantes cambios en los jefes de área y las rotaciones de las personas designadas para participar en las mesas de trabajo. Estas variaciones generaron demoras en la validación y aprobación final de la propuesta, afectando directamente el cumplimiento del indicador.
A66: 59 | B66: Procesos | C66: 09. Garantizar la mejora continua del modelo de operación de la SAE basado en acciones de optimización, automatización, control y articulación de procesos contribuyendo a la reducción de tiempos, la transparencia en la operación y el cumplimiento de objetivos institucionales. | D66: Estandarizar, optimizar y automatizar procesos de SAE de acuerdo a nuevo modelo operacional | E66: Medir la eficacia en la legalización de comisiones o desplazamientos realizados por las áreas | F66: Gestión de viáticos y comisiones | G66: Administración de viáticos y comisiones | H66: Dirección Administrativa | I66: NO | J66: Eficacia de legalización de comisiones o desplazamientos de viajes | K66: Gestión | L66: Eficacia | M66: Demanda | N66: (Legalizaciones realizadas / Comisiones o desplazamientos de viaje realizadas)*100% | O66: Objetivo del indicador: medir la eficacia en la legalización de comisiones o desplazamientos de viajes realizados. Numerador: se considera que una legalización es efectiva cuando el funcionario público, trabajador y contratistas presentan su legalización correcta, es decir, cuando se presenta el informe de legalización diligenciado completamente, firmado por el trabajador y jefe inmediato, y los respectivos soportes de la ejecución del gasto. Denominador: corresponde a todas las comisiones o desplazamientos efectivos realizados por los funcionarios públicos, trabajadores y contratistas, registrados en base de datos de control de comisiones que administra el GIT de Comisiones y Desplazamientos. | P66: 1 | Q66: Trimestral | R66: 7720 | S66: 8031 | T66: 0.96127506 | U66: 1 | V66: 0.96127506 | W66: Durante el periodo del cuarto trimestre del año 2024 (octubre, noviembre y diciembre) se validaron y formalizaron 2072 legalizaciones de comisión de servicio o desplazamiento, quedando pendiente por legalizar 311 comisiones del trimestre. Teniendo en cuenta que se vienen acumulando las cantidades de las comisiones que no habian sido legalizadas de los trimestres anteriores, se suman al numerador 59 la cantidad de 335 que a la fecha ya han están legalizadas. | X66: Es importante aclarar que no depende de la gestión de viaticos y comisiones el cumplimiento de los funcionarios para la legalización de las comisiones, ya que dependemos de la prontitud de cada uno de ellos para que remitan la información, sin embargo el proceso de gestión de viáticos realiza el seguimiento, acompañamiento y capacitación a las y los trabajadores de planta, funcionarios publicos, contratistas y otros, implementando las alertas y acciones necesarias para que cumplan con las legalizaciones en los tiempos estipulados en el procedimiento de viaticos.
A67: 60 | B67: Procesos | C67: 09. Garantizar la mejora continua del modelo de operación de la SAE basado en acciones de optimización, automatización, control y articulación de procesos contribuyendo a la reducción de tiempos, la transparencia en la operación y el cumplimiento de objetivos institucionales. | D67: Fortalecer estrategias y espacios de control , seguimiento y aseguramiento en el marco de la misionalidad de SAE | E67: Realizar los mantenimientos preventivos y correctivos menores | F67: Administración de Bienes de Funcionamiento | G67: Gestión Administrativa | H67: Dirección Administrativa | I67: SÍ | J67: Gestión de Mantenimientos Locativos Menores | K67: Gestión | L67: Eficacia | M67: Demanda | N67: (Mantenimientos realizados/ Mantenimientos solicitados y/o planeados) *100% | O67: Objetivo del indicador: medir los mantenimientos locativos preventivos y correctivos menores realizados de acuerdo con lo solicitado y/o identificado por el área. Numerador: se considera como realizado el mantenimiento menor cuando éste se ejecuta y se registra en el F-AB1-207 Historial Actividades de mantenimiento preventivo y/o correctivo. Denominador: corresponde a las solicitudes de mantenimiento menor recibidas o a las evidenciadas en inspecciones físicas registradas en F-AB1-299 Formato Inspección Planta Física. | P67: 1 | Q67: Trimestral | R67: 756 | S67: 756 | T67: 1 | U67: 1 | V67: 1 | W67: Durante el periodo del tercer trimestre del año 2024 (julio,agosto y septiembre) se validaron y formalizaron 2.064 legalizaciones de comisiones de servicio o desplazamiento, quedando pendiente por legalizar 323 comisiones del trimestre. Teniendo en cuenta que se vienen acumulando las cantidades de las comisiones que no habian sido legalizadas de los trimestres anteriores, se suman al numerador 59 la cantidad.de 234 que a la fecha ya han están legalizadas. | X67: Es importante aclarar que no depende de la gestión de viaticos y comisiones el cumplimiento de los funcionarios para la legalización de las comisiones, ya que dependemos de la prontitud de cada uno de ellos para que remitan la información, sin embargo el proceso de gestión de viáticos realiza el seguimiento, acompañamiento y capacitación a las y los trabajadores de planta, funcionarios publicos, contratistas y otros, implementando las alertas y acciones necesarias para que cumplan con las legalizaciones en los tiempos estipulados en el procedimiento de viaticos.
A68: 61 | B68: Procesos | C68: 09. Garantizar la mejora continua del modelo de operación de la SAE basado en acciones de optimización, automatización, control y articulación de procesos contribuyendo a la reducción de tiempos, la transparencia en la operación y el cumplimiento de objetivos institucionales. | D68: Fortalecer estrategias y espacios de control , seguimiento y aseguramiento en el marco de la misionalidad de SAE | E68: Gestionar los siniestros informados por las áreas | F68: Administración de Bienes de Funcionamiento | G68: Administración de Programa de Seguros y Siniestros | H68: Dirección Administrativa | I68: SÍ | J68: Gestión de Siniestros | K68: Gestión | L68: Eficacia | M68: Demanda | N68: (Número de siniestros gestionados / Número de siniestros ocurridos informados por las áreas) *100% | O68: Objetivo del indicador: medir la gestión realizada sobre los siniestros ocurridos e informados. Numerador: se considera que un siniestro ha sido gestionado cuando el GIT de Servicios Administrativos informa el siniestro presentado al intermediario de seguros. Denominador: se considera como siniestro ocurrido e informado cuando el área remite formalmente el reporte del siniestro por correo electrónico. Los siniestros reportados aplican para los bienes propios de SAE o bajo su administración. | P68: 1 | Q68: Trimestral | R68: 39 | S68: 39 | T68: 1 | U68: 1 | V68: 1 | W68: Una vez los siniestros son informados por las distintas áreas, se da aviso al asesor de seguros para su trámite y gestión pertinente ante la Aseguradora, el avance de las reclamaciones depende de la entrega oportuna de la documentación solicitada por la Compañía de seguros y/o ajustador que soporten la ocurrencia y cuantía del siniestro; estas reclamaciones han sido informados por las áreas así: Para el primer trimestre del año 2024, se tramito el reporte de seis (06) siniestros. En el segundo Trimestre del año 2024 se tramito el reporte de nueve (09) siniestros. En el tercer Trimestre del año 2024 se tramito el reporte de nueve (13) siniestros. Durante el cuarto Trimestre del año 2024 se tramito el reporte de trece (11) siniestros así: cinco (05) Póliza Autos, tres (03) siniestros Póliza TRDM, un (01) siniestro Póliza RCE y dos (02) siniestros Póliza RC Servidores Públicos. Para un total de treinta y nueve (39) siniestros reportados a la Aseguradora durante el año 2024.
A69: 62 | B69: Procesos | C69: 09. Garantizar la mejora continua del modelo de operación de la SAE basado en acciones de optimización, automatización, control y articulación de procesos contribuyendo a la reducción de tiempos, la transparencia en la operación y el cumplimiento de objetivos institucionales. | D69: Estandarizar, optimizar y automatizar procesos de SAE de acuerdo a nuevo modelo operacional | E69: Gestionar el alistamiento físico catastral de inmuebles sociales y no sociales | F69: Diagnóstico y Alistamiento | G69: Alistamiento de Activos | H69: Dirección de Analítica, Alistamiento y Valoración | I69: SÍ | J69: Alistamiento físico catastral de inmuebles | K69: Gestión | L69: Eficacia | M69: Demanda | N69: (Número de inmuebles con alistamiento físico catastral/ Número de inmuebles priorizados para alistamiento físico catastral) *100% | O69: Objetivo del indicador: medir el alistamiento físico catastral de inmuebles susceptibles de alistamiento físico catastral, es decir, los que cuenten con viabilidad jurídica y/o que requieren alistamiento físico. Numerador: corresponde a los inmuebles con alistamiento físico catastral, es decir, con diagnóstico o concepto de necesidad de saneamiento físico catastral y/o valoración a realizar. El resultado de esta gestión se registrará en base de datos de inmuebles alistados o diagnosticados. Denominador: corresponde a los inmuebles priorizados por la Vicepresidencia de Bienes Muebles e Inmuebles, que han sido requeridos o son susceptibles de alistamiento físico catastral, es decir, que ya cuenten con viabilidad jurídica y/o que requieran valoración. | P69: 1 | Q69: Trimestral | R69: 3607 | S69: 3607 | T69: 1 | U69: 1 | V69: 1 | W69: La Dirección de Analítica, Alistamiento y Valoración realizó el alistamiento físico catastral de 3607 inmuebles en el 2024. De los Folios de Matrícula Inmobiliaria alistados,1584 se habilitaron para avalúo y 2023 deben ser saneados. De los inmuebles que requieren proceso de saneamiento: • 104 FMI en propiedad horizontal presentan diferencias de áreas de construcción catastrales y jurídicas. • 893 FMI presentan diferencia de áreas de terreno. • 22 FMI no tienen plena identificación del área registral y sus polígonos son irregulares. • 423 FMI requieren revisión de escitura pública para determinar su área. • 581 FMI no tienen información de área catastral asociada. | X69: PRIMER TRIMESTRE: 735 alistamientos físico catastrales. SEGUNDO TRIMESTRE: 620 alistamientos físico catastrales. TERCER TRIMESTRE: 1534 alistamientos físico catastrales. CUARTO TRIMESTRE: 718 alistamientos físicos catastrales, de estos, 282 se habilitaron para avalúo y 436 para saneamiento. De los inmuebles que requieren proceso de saneamiento: • 28 FMI en propiedad horizontal presentan diferencia de áreas de construcción catastrales y jurídicas. • 175 FMI presentan diferencia de áreas de terreno. • 84 FMI necesitan revisión de escritura pública para determinar su área. • 135 FMI no tienen información de área catastral asociada. • 14 FMI no tienen plena identificación del área registral y cuentan con polígonos irregulares que impiden su cálculo.
A70: 63 | B70: Procesos | C70: 09. Garantizar la mejora continua del modelo de operación de la SAE basado en acciones de optimización, automatización, control y articulación de procesos contribuyendo a la reducción de tiempos, la transparencia en la operación y el cumplimiento de objetivos institucionales. | D70: Estandarizar, optimizar y automatizar procesos de SAE de acuerdo a nuevo modelo operacional | E70: Revisar y aprobar avalúos de bienes inmuebles | F70: Diagnóstico y Alistamiento | G70: Alistamiento de Activos | H70: Dirección de Analítica, Alistamiento y Valoración | I70: SÍ | J70: Avalúos de bienes inmuebles | K70: Gestión | L70: Eficacia | M70: Programación anual | N70: (Cantidad de avalúos revisados y aprobados / Cantidad de avalúos solicitados a la Gerencia Técnica) *100% | O70: Objetivo del indicador: medir la gestión realizada frente a la revisión y aprobación de avalúos de inmuebles sociales y no sociales dispuestos para enajenación temprana o comercialización por parte de la Gerencia Técnica. Numerador: corresponde a los avalúos revisados y aprobados correspondientes a inmuebles sociales y no sociales solicitados. Denominador: corresponde a las solicitudes de asignación para la elaboración de avalúos de inmuebles sociales y no sociales dispuestos para enajenación temprana o comercialización. | P70: 4400 | Q70: Trimestral | R70: 4402 | S70: 4400 | T70: 1 | U70: 1 | V70: 1 | W70: La Dirección de analítica, alistamiento y valoración se encarga de la revisión y aprobación del avalúo comercial de los bienes inmuebles urbanos y rurales conforme a las metodologías establecidas por el Instituto Geográfico Agustín Codazzi (IGAC) a través del registro abierto de avaluadores (RAA). En el año 2024 se revisaron 4402 avalúos comerciales que estan distribuídos de la siguiente manera: • 2675 FMI con estado legal "en proceso" que fueron aprobados por el comité de ENAJENACIÓN TEMPRANA. • 779 FMI con estado legal EXTINTOS. • 200 FMI que pertenecen a Sociedades en liquidación. • 748 FMI que pertenecen a Sociedades Activas. | X70: CIFRAS CUARTO TRIMESTRE Se realizaron los avalúos de 1.508 FMI distribuidos así: • 459 FMI con estado legal "en proceso" que fueron aprobados por el comité de ENAJENACIÓN TEMPRANA. • 311 FMI con estado legal EXTINTOS. • 47 FMI que pertenecen a Sociedades en liquidación. • 691 FMI que pertenecen a Sociedades Activas
A71: 64 | B71: Procesos | C71: 09. Garantizar la mejora continua del modelo de operación de la SAE basado en acciones de optimización, automatización, control y articulación de procesos contribuyendo a la reducción de tiempos, la transparencia en la operación y el cumplimiento de objetivos institucionales. | D71: Estandarizar, optimizar y automatizar procesos de SAE de acuerdo a nuevo modelo operacional | E71: Revisar y aprobar avalúos de muebles | F71: Diagnóstico y Alistamiento | G71: Alistamiento de Activos | H71: Dirección de Analítica, Alistamiento y Valoración | I71: SÍ | J71: Avalúos de bienes muebles | K71: Gestión | L71: Eficacia | M71: Demanda | N71: (Cantidad de avalúos de bienes muebles revisados / Cantidad de avalúos de bienes muebles recibidos) *100% | O71: Objetivo del indicador: medir la revisión realizada de los avalúos de los bienes muebles remitidos por las áreas. Numerador: corresponde a los avalúos de bienes muebles revisados por parte de la Gerencia Técnica. Denominador: corresponde a los avalúos de bienes muebles recibidos para su revisión. | P71: 1 | Q71: Trimestral | R71: 810 | S71: 901 | T71: 0.89900111 | U71: 1 | V71: 0.89900111 | W71: Este procedimiento se lleva a cabo bajo la supervisión de la Dirección de analítica y valoración (DAAV), con el propósito de obtener la valoración comercial de los bienes muebles. El objetivo principal es determinar si los bienes valorados están en condicion de ser comercializados o si por el contrario deben ser destruídos. Las cifras del año 2024 son: • Revisión avalúos vehículos y medios, de la Dirección para la Democratización de Activos Muebles. Solicitudes recibidas:826 Solicitudes revisadas:758 • Conceptos de valor: Solicitudes recibidas: 69 Solicitudes revisadas: 46 • Solicitudes relacionadas con semovientes: Solicitudes recibidas: 6 Solicitudes tramitadas: 6 | X71: CUARTO TRIMESTRE: Solicitudes recibidas: 86 Solicitudes revisadas:391
A72: 65 | B72: Procesos | C72: 09. Garantizar la mejora continua del modelo de operación de la SAE basado en acciones de optimización, automatización, control y articulación de procesos contribuyendo a la reducción de tiempos, la transparencia en la operación y el cumplimiento de objetivos institucionales. | D72: Estandarizar, optimizar y automatizar procesos de SAE de acuerdo a nuevo modelo operacional | E72: Realizar y/o revisar estimados de renta de bienes inmuebles urbanos y rurales | F72: Diagnóstico y Alistamiento | G72: Alistamiento de Activos | H72: Dirección de Analítica, Alistamiento y Valoración | I72: SÍ | J72: Estimados de renta | K72: Producto | L72: Eficacia | M72: Demanda | N72: (Estimados de renta de activos elaborados y/o revisados / Estimados de renta a revisar y/o elaborar) *100% | O72: Objetivo del indicador: medir la elaboración y/o revisión realizada a los estimados de renta elaborados por FMI y/o unidad económica. Numerador: corresponde al número de estimados de renta revisados que fueron remitidos por las Gerencias regionales, Gerencia de Bienes Inmuebles Rurales y Gerencias de Sociedades y al número de estimados de renta de activos elaborados por parte de la Gerencia Técnica de acuerdo con los montos establecidos, según sea el caso. Denominador: corresponde a los estimados de renta recibidos por las Gerencias Regionales, Gerencia de Bienes Inmuebles Rurales y Gerencias de Sociedades para su revisión y a las solicitudes de elaboración de estimados de renta de activos que se dispondrán en esquema de administración de arrendamiento. Los estimados de renta corresponden a activos inmuebles urbanos y rurales, sociales y no sociales. | P72: 1 | Q72: Trimestral | R72: 742 | S72: 742 | T72: 1 | U72: 1 | V72: 1 | W72: La Dirección de Analítica, Alistamiento y Valoración (DAAV) realiza el proceso de revisión y aprobación de estimados de renta para áreas urbanas y rurales. En el año 2024, se gestionaron revisiones de estimados de renta de los dos subtipos de activos. Las solicitudes de revisión de estimados de renta urbanos han sido requeridas por las direcciones territoriales y las direcciones de sociedades (activas y en liquidación) , en el año 2024 se revisaron estimados a 627 FMI de 803 unidades económicas. Las solicitudes se distribuyeron de la siguiente manera: • 206 FMI fueron solicitados por la Dirección Territorial Centro Oriente. • 196 FMI fueron solicitados por la Dirección Territorial Caribe. • 91 FMI fueron solicitados por la Dirección Territorial Occidente. • 134 FMI fueron solicitados por la Dirección Territorial Sur Occidente. Las solicitudes de revisión de estimados de renta rurales han sido requeridas por las direcciones territoriales y de sociedades (activas y en liquidación). En el año 2024 se revisaron y aprobaron estimados de renta para 115 FMI correspondientes a 37 unidades inmobiliarias existentes. Estas solicitudes se distribuyeron de la siguiente manera: • 23 FMI fueron solicitados por la Dirección Territorial Centro Oriente. • 19 FMI fueron solicitados por la Dirección Territorial Caribe. • 11 FMI fueron solicitados por la Dirección Territorial Occidente. • 62 FMI fueron solicitados por la Dirección Territorial Sur. | X72: CIFRAS TRIMESTRALES AÑO 2024 PRIMER TRIMESTRE URBANOS: Revisión y aprobación a 180 FMI PRIMER TRIMESTRE RURALES: Revisión y aprobación a 21 FMI. SEGUNDO TRIMESTRE URBANOS: Revisión y aprobación 121 FMI. SEGUNDO TRIMESTRE RURALES: Revisión y aprobación 93 FMI TERCER TRIMESTRE URBANOS: Revisión y aprobación 124 FMI. TERCER TRIMESTRE RURALES: No se revisó ningún estimado. CUARTO TRIMESTRE URBANOS: Revisión y aprobación a 202 estimados de renta.Estas solicitudes fueron requeridas desde las Direcciones territoriales así: • 27 FMI fueron solicitados por la Dirección Territorial Centro Oriente. • 141 FMI fueron solicitados por la Dirección Territorial Caribe. • 15 FMI fueron solicitados por la Dirección Territorial Occidente. • 19 FMI fueron solicitados por la Dirección Territorial Sur Occidente. CUARTO TRIMESTRE RURALES: Revisión y aprobación 1 FMI pertenenciente a la Dirección Territorial Occidente.
A73: 66 | B73: Procesos | C73: 09. Garantizar la mejora continua del modelo de operación de la SAE basado en acciones de optimización, automatización, control y articulación de procesos contribuyendo a la reducción de tiempos, la transparencia en la operación y el cumplimiento de objetivos institucionales. | D73: Estandarizar, optimizar y automatizar procesos de SAE de acuerdo a nuevo modelo operacional | E73: Gestionar el saneamiento físico catastral de inmuebles sociales y no sociales | F73: Diagnóstico y Alistamiento | G73: Alistamiento de Activos | H73: Dirección de Analítica, Alistamiento y Valoración | I73: SÍ | J73: Estudios para el saneamiento físico catastral de inmuebles | K73: Gestión | L73: Eficacia | M73: Programación anual | N73: (Número de activos con estudio para el saneamiento físico catastral / Número de activos programados para saneamiento físico catastral) *100% | O73: Objetivo del indicador: medir la gestión realizada por la SAE para el saneamiento físico catastral de inmuebles programados para la vigencia. Numerador: corresponde a los activos que cuentan con estudio técnico para el saneamiento físico catastral y que hayan sido entregados al gestor catastral y a las Oficinas de Registro de Instrumentos Públicos para su respectivo saneamiento físico catastral. Denominador: corresponde al número de activos programados para saneamiento físico catastral. En la programación de activos a sanear se priorizan las solicitudes de destinación, los activos a comercializar y las solicitudes especiales relevantes. | P73: 500 | Q73: Trimestral | R73: 550 | S73: 500 | T73: 1 | U73: 1 | V73: 1 | W73: El proceso de saneamiento realizó la revisión, estudio y solicitud del saneamiento físico catastral de 550 FMI de inmuebles del inventario de la SAE en el año 2024. Este proceso estudia y desarrolla actividades necesarias para resolver las inconsistencias a nivel documental, físico, catastral y técnico de los inmuebles, con el objetivo de prepararlos para su alistamiento y comercialización. | X73: PRIMER TRIMESTRE: Saneamiento a 134 FMI. SEGUNDO TRIMESTRE: Saneamiento a 133 FMI. TERCER TRIMESTRE: Saneamiento a 129 FMI. CUARTO TRIMESTRE: Saneamiento a 154 FMI.
A74: 67 | B74: Procesos | C74: 09. Garantizar la mejora continua del modelo de operación de la SAE basado en acciones de optimización, automatización, control y articulación de procesos contribuyendo a la reducción de tiempos, la transparencia en la operación y el cumplimiento de objetivos institucionales. | D74: Estandarizar, optimizar y automatizar procesos de SAE de acuerdo a nuevo modelo operacional | E74: Revisar y aprobar fichas de caracterización de inmuebles rurales | F74: Diagnóstico y Alistamiento | G74: Alistamiento de Activos | H74: Dirección de Analítica, Alistamiento y Valoración | I74: SÍ | J74: Revisión y aprobación de fichas de caracterización | K74: Gestión | L74: Eficacia | M74: Demanda | N74: (Cantidad de fichas de caracterización revisadas y aprobadas / Cantidad de fichas de caracterización solicitadas a la Dirección para la democratización de activos inmuebles rurales)/*100% | O74: Objetivo del indicador: medir la elaboración de fichas de caracterización para activos inmuebles rurales Numerador: corresponde al número de fichas de caracterización revisadas y aprobadas por la Gerencia Técnica. Denominador: corresponde al número de fichas de caracterización solicitadas a la Dirección para la democratización de activos inmuebles rurales | P74: 1 | Q74: Trimestral | R74: 711 | S74: 711 | T74: 1 | U74: 1 | V74: 1 | W74: Durante el año 2024, la Dirección de Analítica, Alistamiento y Valoración llevó a cabo la revisión y aprobación de las fichas de caracterización correspondientes a 711 FMI, de inmuebles rurales. Estas revisiones fueron realizadas en respuesta a la solciitud de la Dirección para la Democratización de Activos Inmuebles Rurales. Del total de solicitudes procesadas: • 391 FMI corresponden a inmuebles de la Dirección Territorial Cento oriente. • 68 FMI corresponden a inmuebles de la Dirección Territorial Norte. • 36 FMI corresponden a inmuebles de la Dirección Territorial Occidente. • 216 FMI Corresponden a inmuebles de la Dirección Territorial Sur. | X74: PRIMER TRIMESTRE: 152 Fichas. SEGUNDO TRIMESTRE:523 Fichas. TERCER TRIMESTRE:20 Fichas. CIFRAS CUARTO TRIMESTRE: Se llevó a cabo la revisión y aprobación de las fichas de caracterización correspondientes a 16 FMI de inmuebles rurales. Del total de solicitudes procesadas: • 6 FMI corresponden a inmuebles de la Dirección Territorial Cento oriente. • 1 FMI corresponden a inmuebles de la Dirección Territorial Occidente. • 9 FMI corresponden a inmuebles de la Dirección Territorial Sur
A75: 68 | B75: Procesos | C75: 09. Garantizar la mejora continua del modelo de operación de la SAE basado en acciones de optimización, automatización, control y articulación de procesos contribuyendo a la reducción de tiempos, la transparencia en la operación y el cumplimiento de objetivos institucionales. | D75: Estandarizar, optimizar y automatizar procesos de SAE de acuerdo a nuevo modelo operacional | E75: Realizar estudios de viabilidad jurídica | F75: Diagnóstico y Alistamiento | G75: Alistamiento de Activos | H75: Dirección de Asuntos Legales Misionales | I75: SÍ | J75: Estudios de viabilidades jurídicas elaboradas | K75: Gestión | L75: Eficacia | M75: Demanda | N75: (Estudios de viabilidades jurídicas elaboradas/ Viabilidades jurídicas solicitadas) *100% | O75: Objetivo del indicador: medir el estudio de las viabilidades jurídicas de acuerdo con las solicitadas. Numerador: los estudios de viabilidades jurídicas se elaboran para el mecanismo de administración de los activos y/o bienes del FRISCO de enajenación y de destinación definitiva. El estudio de viabilidad jurídica se puede evidenciar en la expedición de actos administrativos, informes de viabilidad jurídica, memorandos o correos electrónicos que visualicen el concepto positivo o negativo de la solicitud. Denominador: las solicitudes de viabilidad jurídica proceden de los requerimientos efectuados por parte de las áreas de SAE y corresponden a procesos de enajenación y de destinación definitiva. | P75: 1 | Q75: Trimestral | R75: 10667 | S75: 11815 | T75: 0.90283538 | U75: 1 | V75: 0.90283538 | W75: ASREC Se recibieron 2320 FMI para la expedición de viabilidades juridicas de destinación definitiva, las cuales 2140 corresponden al inventario de metas estrategicas. De las cuales se realizó el estudio juridico de 2076. validaciones jurídicas elaboradas: 2076 validaciones jurídicas solicitadas: 2320 INGESA La cifra proviene de la identificación de solicitudes de las áreas para realizar el alistamiento para venta de los activos en administración, encontrando que: validaciones jurídicas elaboradas: 8591 validaciones jurídicas solicitadas: 9495 En la siguiente ruta se identifican las tres bases (Base alistamiento extintos, Ley de Crecimiento Económico, Base Alistamiento Enajenación Temprana) en formato Excel que refieren el soporte de la cifra indicada: https://saesas-my.sharepoint.com/personal/dirplaneacion_saesas_gov_co/_layouts/15/onedrive.aspx?id=%2Fpersonal%2Fdirplaneacion%5Fsaesas%5Fgov%5Fco%2FDocuments%2FPAI%2FAsuntos%20Legales%2F24%2DT4%2FEvidencias&sortField=FileLeafRef&isAscending=true&ct=1735920114879&or=OWA%2DNT%2DMail&cid=5e82982f%2D951c%2D7a85%2Dc7e9%2D215f1016a77d&ga=1
A76: 69 | B76: Procesos | C76: 09. Garantizar la mejora continua del modelo de operación de la SAE basado en acciones de optimización, automatización, control y articulación de procesos contribuyendo a la reducción de tiempos, la transparencia en la operación y el cumplimiento de objetivos institucionales. | D76: Estandarizar, optimizar y automatizar procesos de SAE de acuerdo a nuevo modelo operacional | E76: Realizar medición de los fallos favorables de acciones de tutela en contra de la entidad | F76: Gestión Jurídica | G76: Defensa Judicial | H76: Dirección de Asuntos Legales Misionales | I76: NO | J76: Tasa de fallos favorables en acciones de tutela en contra de la entidad que invoquen la protección del derecho de petición | K76: Gestión | L76: Eficacia | M76: Demanda | N76: (Número de acciones de tutela con fallo favorable en el año en curso que invocan la protección del derecho de petición / Número de acciones de tutela recibidas por la entidad en el año en curso que invocan la protección del derecho de petición) * 100% | O76: Objetivo del indicador: medir el porcentaje de fallos favorables de acciones de tutela en contra de la entidad que invocan la protección del derecho de petición. Numerador: corresponde a las acciones de tutela favorables que invocan la protección del derecho de petición. Denominador: corresponde a las acciones de tutela recibidas por la entidad que invocan la protección del derecho de petición. | P76: 1 | Q76: Trimestral | R76: 406 | S76: 499 | T76: 0.81362725 | U76: 1 | V76: 0.81362725 | W76: A corte del cuarto trimestre del 2024 se han radicado acciones de tutela, de las cuales 499 son por concepto de derecho de petición, lográndose como fallos favorables un total de 406. No se obtuvo el 100% de fallos favorables, las respuestas generadas a los derechos de petición no son generadas de manera clara, precisa y de fondo. Como plan de acción se han implementado capacitaciones por parte del GIT DEFENSA, en donde se manera puntual se les ha realizado observaciones a las áreas, indicándoles las falencias en las respuestas generadas.
A77: 70 | B77: Procesos | C77: 09. Garantizar la mejora continua del modelo de operación de la SAE basado en acciones de optimización, automatización, control y articulación de procesos contribuyendo a la reducción de tiempos, la transparencia en la operación y el cumplimiento de objetivos institucionales. | D77: Estandarizar, optimizar y automatizar procesos de SAE de acuerdo a nuevo modelo operacional | E77: Publicar todos los procesos contractuales suscritos en el 2024 en el SECOP II | F77: Gestión Contractial | G77: Contratación | H77: Dirección de Contratación | I77: SÍ | J77: Publicación de procesos contractuales en SECOP II | K77: Gestión | L77: Eficacia | M77: Demanda | N77: (No. procesos contractuales publicados en Secop II/ No. procesos contractuales solicitados)* 100% | O77: Objetivo del indicador: medir la publicación en SECOP II de los procesos contractuales adelantados en la vigencia 2024. Numerador: incluye todos los procesos contractuales publicados en Secop II en su etapa precontractual y/o de inicio de contrato. El proceso contractual solo se contará una vez desde que este se encuentre publicado en SECOP II. Denominador : incluye todos los procesos contractuales, modificaciones y liquidación de nuevos procesos contractuales iniciados por la Gerencia de Contratos bajo las diferentes modalidades de contratación suscritos desde la vigencia 2024. Este universo de procesos contractuales excluye todos los contratos de liquidación y cesiones de procesos antiguos. | P77: 1 | Q77: Trimestral | R77: 424 | S77: 408 | T77: 1 | U77: 1 | V77: 1 | W77: En el cuarto trimestre de la vigencia 2024 se tramitaron a través de SECOP II 133 publicaciones correspondientes a 70 contrataciones nuevas y 63 modificaciones contractuales. Se aclara que en el cuarto trimestre del 2024 hubo una diferencia de 5 solicitudes, ya que estas se recibieron y fueron devueltas a las respectivas area | X77: Las cifras reportadas corresponden al acumulado en el año 2024, de lo cual es importante resaltar que para el tercer trimestre había una diferencia entre numerador y denominador de 40 solicitudes que fueron devueltas a las dependencias solicitantes. Se adjunta como evidencia base de datos con las relación de los contratos suscritos durante la vigencia 2024, desde la Dirección de Contratación.
A78: 71 | B78: Procesos | C78: 09. Garantizar la mejora continua del modelo de operación de la SAE basado en acciones de optimización, automatización, control y articulación de procesos contribuyendo a la reducción de tiempos, la transparencia en la operación y el cumplimiento de objetivos institucionales. | D78: Crear espacios de innovación y mejora que coadyuven a los objetivos estratégicos de SAE | E78: Implementar el esquema de gobierno corporativo en las Sociedades Activas priorizadas | F78: Diagnóstico y Alistamiento | G78: Diagnóstico de Activos | H78: Dirección de Gobierno, Control y Democratización de Sociedades | I78: SÍ | J78: Asignación de administradores para el gerenciamiento de sociedades | K78: Gestión | L78: Eficacia | M78: Programación anual | N78: ( Activos con asignación de administradores para el gerenciamiento de sociedades y establecimientos de comercio/ Activos programados para asignación de mecanismo para su gerenciamiento)*100% | O78: Objetivo del indicador: medir el grado de asignación de mecanismos de administración a las gerencias o establecimientos de comercio programados para la vigencia Numerador: corresponde a las sociedades con asignación de mecanismos de administración como lo es el esquema de gerencia de sociedades, deposito provisional, y demás mecanismos que para el efecto se establezcan en la metodología de administración de bienes. Denominador: corresponde a las sociedades y establecimientos de comercio que se encuentran en el portafolio pendientes por asignación de mecanismos de administración para la vigencia 2024. Para el 2024 se estima intervenir como mínimo 662 activos. | P78: 50 | Q78: Trimestral | R78: 153 | S78: 50 | T78: 1 | U78: 1 | V78: 1 | W78: Sociedades que cuentan con designación de representante legal con los mecanismos establecidos en la metodologia de administración. DISTRIBUCIONES MYZ YOHNPIXCELL-CHECHO YOHNPIXCELL SHOPIN YOHNPIXCELL LA CEJA YOHN PIXCELL INVERSIONES YOHNPIXCELL DR. CELL N SHENG LI IMP & EXP S.A.S LOS ANGELES DISCO BAR JUANCHO INVERCINCO S. A. LEGENDARIOS LIMITADA EN LIQUIDACION CONSTRUCTORA SAN NICOLAS S.A.S LA SACAN S.A.S ESTACION DE SERVICIO ROMAR PARADISE DISCOTECA BAR INDUSTRIAS MASANTI S.A.S. INDUSTRIAS CALZAMARK S.A.S TRANSPORTES DALLAS TEXAS SAS COMERCIALIZADORA E INVERSIONES BUSTOS ARIZA Y CIA S EN C SIGLA TRANSCIBA EL VIEJO OESTE S A S SERENDIPIA GROUP S.A.S. IKON GROUP S A S PISCICOLA ACUAPEZCA LTDA EMATPEYA EMPRESA ASOCIATIVA DE TRABAJO PESQUERO DE INVERPOLMAR S.A.S. INVERSIONES KHARFAN & COMPAÑIA SOCIEDAD EN COMANDITA - EN LIQUIDACION CONTI CONSTRUCCION & INGENIERIA S. A. S. C. I. INVERSIONES LOPEZ CADAVID Y CIA LTDA CRIADERO LA LUISA E.U. IDEAS & CONCRETOS S A S HMA TALLER CREATIVO S.A.S. RESTAURANTE BAR EL TRANSPORTADOR S.A.S. MP OPERACION LOGISTICA SAS AGUILAR RODRIGUEZ ASOCIADOS SAS CONSTRUCTORA SARA LIMITADA HUMBERTO QUINTERO O Y CIA S C A MOTEL ATLANTIS JB LEGAL SERVICES S.A.S. TEMPROGLASS S.A.S. ESTACION DE SERVICIO LOS JOSE S.A.S COMERCIALIZADORA EL LAGUITO S.A.S. RENTI - AGRO S.A.S COMERCIALIZADORA JPINO S.A.S. INVERSIONES KELAM S.A.S. ZODU S.A.S. AGROPECUARIA EL NILO S.A. AGROPECUARIA SANTA ANITA DE NECHI S.A.S ARMAGEDON S.A INMOBILIARIA JD LIMITADA CACENOR S.A.S. CASA GRAJALES SA CONSORCIO INDUSTRIAL INTERNACIONAL S.A - C.I.I. S.A ESTACION DE SERVICIO TECA CIA LTDA CRISTHIAN CAMILO URIBE A. Y CIA. S. EN C. GRUPO EMPRESARIAL ALDEA S.A.S COOPERATIVA DE TRANSPORTADORES DEL URABA Y OCCIDENTE ANTIOQUENO - COOTRANSUROCCIDENTE BOMBA CAPA ESTACION DE SERVICIO LA VELENITA DE SAN PEDRO DE LA PAZ CRETA S.A. ESTACION DE SERVICIO LA FLORESTA DE FUENTE DE ORO ESTACION DE SERVICIO KAIWA VASELINAS INDUSTRIALES DE COLOMBIA S.A. FINANZAS PLANES Y NEGOCIOS LTDA FRUTAS DE LA COSTA S.A ANTES INDUSTRIAS DEL ESPIRITU SANTO S.A. FUTURAUTOS, TAXIS Y MAS LTDA GOLGOTA LTDA GRAJALES S.A. LOS VIÑEDOS DE GETSEMANI S.A. HEBRON S.A. ESTACION DE SERVICIO EL MOLINO DE HOBO INVERSIONES SANTA MONICA LTDA INVERSIONES AGUILA LTDA INVERSIONES GRAME LTDA INVERSIONES LOS POSSO LIMITADA S.C.S JOSAFAT S.A FRUTAS EXOTICAS COLOMBIANAS S.A. MACEDONIA LTDA. READY FRUIT COMPANY S.A. ANTES AGROINDUSTRIAS SANTO DOMINGO S.A. SALIM S.A SERVITURISMO SAS SOCIEDAD AGUSTIN GRAJALES Y COMPANIA LIMITADA EDS BIOMAX DANIMAR E.D.S. CCJ PENTACOOP S.A. PATENTES MARCAS Y REGISTROS S.A. - PATMAR S.A.- LTC E.U. INVERSIONES COMERFAR LTDA ESTACION DE SERVICIOS LOS MINEROS 6 QUIRURGICOS DENTALES QUIRUDENT SAS TAKARA S.A.S. HOLDING JA2 S.A.S. GRUPO S.M. S.A.S. DISTRITO ORIENTAL SAS INMOBILIARIA JASA ASESORES Y CONSULTORES PV. SAS HIERROS EL DORADO SAS FERRETERIA AMERICA GOMEZ Y COMPAÑIA S A S FERREOXI S A S TRANSPORTES GRANELES S.A.S INVERSIONES JC N Y M SAS INVERSIONES AL GRANEL S.A.S FLETES Y TRANSPORTES S.A.S TRANSPORTES MEJIA S.A MULTISERVICIOS CAMIONEROS SA. MEJIA JARAMILLO & CIA S.C.A HOTEL QUINTA AVENIDA CUCUTA SOCIEDAD DE NEGOCIOS SAN AGUSTIN LTDA AMIGOS DEL FUTBOL S.A.S TECNOLOGIAS Y CONSULTORIAS AMBIENTALES Y DE GESTION S.A.S PLANTA LOS CRISTALES LIMITADA INGENIERIA COLOMBIANA INCOL S.A.S. GLASS AIRCRAFT DE COLOMBIA LIMITADA TARSOS LIMITADA TURISMO HANSA S.A. TRANSPORTES LA FORTALEZA S A S ESTACION DE SERVICIOS LOS MINEROS 5 TALLER INDUSTRIAL LA FORTALEZA SAS PARQUEADEROS DEL FUTURO LTDA MICROM DE COLOMBIA SAS INVERSIONES GENERALES SA - INGON SA INVERSIONES AGROPECUARIAS HERNANDEZ JIMENEZ Y CIA S EN C ESTACION DE SERVICIOS LOS MINEROS 4 UN VIVIR MEJOR S.A.S UVIME S.A.S. ESTACION DE SERVICIOS LOS MINEROS 3 HOTEL PLAZA VERSALLES S.A. GRANJA LA SIERRA LTDA. ESTACION DE SERVICIOS LOS MINEROS 2 ESTACION DE SERVICIOS LOS MINEROS 1 ESTACION DE SERVICIO Y SERVITECA ANGOLA GASOLINERA LA ESPERANZA ESTACION DE SERVICIO TERPEL OASIS ESTACION DE SERVICIO SOL DE ORIENTE ESTACION DE SERVICIO PATIECITOS ESTACION DE SERVICIO MOBIL Y TERPEL ESTACION DE SERVICIO LOS COLORADOS ESTACION DE SERVICIO LA NUEVA PETROLERA ESTACION DE SERVICIO EL PAPA ESTACION DE SERVICIO DON RODRIGO ESTACION DE SERVICIO BELLO VALLE ESTACION DE SERVICIO AGUAS CLARAS IMPORLLANTAS NEIVA AGROINDUSTRIA LA MARGARITA SA CONSTRUCTORA LLANO CENTRO SAS UNIKAPITAL SAS INVEREXITO S.A GISUCAF SAS GRUPO C L A U S A S CONSTRUCTURA SALAZAR E HIJOS SAS ALMACEN MOTOS NEIVA SEDE 2 SOCIEDAD HOTELERA MAYALES PLAZA S A S LAVADERO HANGAR LA 39 AMBULANCIAS SERVIMEDIC S.A.S IPS REHABILITAR DEL PUTUMAYO S.A.S. | X78: Esta Dirección reitera la solicitud de eliminación del indicador teniendo en cuenta que la responsabilidad de asignar depositarios provisionales es de la Gerencia de Depositarios y la asignación de Representantes Legales por medio de Gobierno Corporativo se hace desde la Vicepresidencia de Sociedades. Por lo tanto, se está reportando la gestión de otras áreas y no depende de la gestión de esta Dirección.
A79: 72 | B79: Procesos | C79: 09. Garantizar la mejora continua del modelo de operación de la SAE basado en acciones de optimización, automatización, control y articulación de procesos contribuyendo a la reducción de tiempos, la transparencia en la operación y el cumplimiento de objetivos institucionales. | D79: Fortalecer estrategias y espacios de control , seguimiento y aseguramiento en el marco de la misionalidad de SAE | E79: Realizar auditorías e inspección sobre las Sociedades Activas administradas por SAE | F79: Disposición Temporal | G79: Administración de Depósitos Provisionales | H79: Dirección de Gobierno, Control y Democratización de Sociedades | I79: SÍ | J79: Auditorías e Inspección de Sociedades Activas | K79: Gestión | L79: Eficacia | M79: Programación anual | N79: (Sociedades activas administradas con auditoría y/o inspecciones realizadas/ Sociedades Activas administradas por SAE que requieren auditoría o inspección) * 100% | O79: Objetivo del indicador: medir el estado de control o inspección sobre las Sociedades Activas administradas por SAE a través de la ejecución de auditorías e inspecciones. Numerador: corresponde al número de Sociedades Activas con auditorías o inspecciones realizadas sobre estas. Denominador: corresponde a las Sociedades Activas administradas por parte de la SAE que requieren auditoría o inspección de acuerdo a la necesidad. | P79: 100 | Q79: Trimestral | R79: 100 | S79: 100 | T79: 1 | U79: 1 | V79: 1 | W79: Se cumple con la meta establecida de visitas de inspección a sociedades y establecimientos de comercio a cargo de la Dirección.
A80: 73 | B80: Procesos | C80: 09. Garantizar la mejora continua del modelo de operación de la SAE basado en acciones de optimización, automatización, control y articulación de procesos contribuyendo a la reducción de tiempos, la transparencia en la operación y el cumplimiento de objetivos institucionales. | D80: Estandarizar, optimizar y automatizar procesos de SAE de acuerdo a nuevo modelo operacional | E80: Elaborar la documentación estratégica del nuevo modelo operacional de SAE | F80: Direccionamiento Estratégico | G80: Administración del SIG | H80: Dirección de Planeación y Prospectiva | I80: SÍ | J80: Documentación estratégica nuevo modelo operacional | K80: Gestión | L80: Eficacia | M80: Programación anual | N80: (Documentos estratégicos del nuevo modelo operacional elaborados / Documentos estratégicos del nuevo modelo operacional programados y priorizados) * 100% | O80: Objetivo del indicador: medir el avance de documentación estratégica del nuevo modelo operacional. Numerador: corresponde al número de documentos elaborados y/o actualizados para implementar el nuevo modelo operacional que fueron priorizados en la programación, se entiende como finalizada la acción cuando estos documentos se encuentren publicados en la arquitectura empresarial. Denominador: corresponde a los documentos priorizados para viabilizar el nuevo modelo operacional. Esta programación se realizará con base en la identificación de documentos y la priorización que se brinde desde la Oficina Asesora de Planeación; esto puede incluir políticas operacionales, procedimientos, guías, protocolos u otro tipo documental. El denominador es variable de acuerdo con la priorización establecida por la Oficina Asesora de Planeación. | P80: 1 | Q80: Trimestral | R80: 315 | S80: 268 | T80: 1 | U80: 1 | V80: 1 | W80: En el marco del proceso de rediseño institucional, se realizó una actualización integral de varios documentos clave, lo que fortalece la estructura operativa de la entidad y garantiza la alineación con los objetivos estratégicos. Estas actualizaciones no solo optimizan la eficiencia de los procesos, sino que también aseguran la transparencia, el cumplimiento normativo y la gestión adecuada de los recursos. A continuación, se presentan los documentos actualizados y el análisis correspondiente: Documentos Actualizados: Caracterización del proceso de Comunicación Estratégica y Atención a las Ciudadanías Procedimiento de Atención, Seguimiento y Control a Requerimientos Política de SARLAFT (Sistema de Administración del Riesgo de Lavado de Activos y Financiación del Terrorismo) Guía Metodológica para la Gestión de Riesgos Caracterización del proceso de Tecnologías de la Información Procedimiento para el Recaudo de Cartera de Bienes Inmuebles No Sociales Procedimiento para el Uso de Pólizas en Contratos de Arrendamiento Caracterización del proceso de Gestión Financiera Procedimiento para la Elaboración y Presentación de Declaraciones Tributarias Procedimiento para la Elaboración y Presentación de Estados Financieros Código de Integridad y Buen Gobierno de la Sociedad de Activos Especiales S.A.S. Caracterización del proceso de Gestión del Cumplimiento Plan Anual de Austeridad del Gasto Procedimiento para el Pago de Reserva Técnica Procedimiento para la Expedición de Certificados de Deuda y/o Paz y Salvo de Contratos de Arrendamiento Política de Riesgos Caracterización del Proceso de Direccionamiento Estratégico Guía Metodológica para la Formulación de Indicadores Guía Metodológica para la Actualización y Mejora Documental del Sistema Integrado de Gestión - SIG Caracterización del Proceso de Diagnóstico y Alistamiento Caracterización del Proceso Disposición o Democratización Final de Activos Caracterización del Proceso de Disposición Temporal de Activos No Sociales Caracterización del Proceso de Recepción y Registro Caracterización del Proceso de Gestión del Talento Humano Política de Seguridad y Salud en el Trabajo Política de Seguridad Vial Caracterización del Proceso de Relacionamiento Estratégico y Alianzas Público-Populares Guía Metodológica para la Estimación del Precio Mínimo de Venta y Costo Beneficio de Automotores Código de Derechos y Deberes del Ciudadano Código de Carta de Trato Digno Caracterización del Mantenimiento y Soporte de Tecnología Las actualizaciones realizadas en estos documentos clave son una parte fundamental del rediseño institucional, ya que refuerzan la estructura operativa y mejoran la eficiencia de los procesos. Además, garantizan el cumplimiento normativo y refuerzan los principios de transparencia, integridad y sostenibilidad. Estos cambios posicionan a la entidad para enfrentar los retos futuros con una gestión más eficaz, alineada con los objetivos estratégicos. | X80: El informe destaca que los resultados obtenidos en el indicador son el fruto de la implementación exitosa de las diversas fases de documentación. Este proceso facilitó la consolidación de la actualización estratégica de la documentación durante el periodo reportado, logrando avances significativos en el cumplimiento de los objetivos establecidos. La ejecución ordenada y secuencial de estas fases no solo mejoró la coherencia y calidad de los documentos, sino que también optimizó los procesos internos. De esta manera, contribuyó de forma directa al fortalecimiento del Sistema Integrado de Gestión (SIG) y al cumplimiento de las metas estratégicas definidas para el cuarto trimestre.
A81: 74 | B81: Procesos | C81: 09. Garantizar la mejora continua del modelo de operación de la SAE basado en acciones de optimización, automatización, control y articulación de procesos contribuyendo a la reducción de tiempos, la transparencia en la operación y el cumplimiento de objetivos institucionales. | D81: Estandarizar, optimizar y automatizar procesos de SAE de acuerdo a nuevo modelo operacional | E81: Implementar plan de trabajo de gestión del cambio asociado al nuevo modelo operacional | F81: Direccionamiento Estratégico | G81: Administración del SIG | H81: Dirección de Planeación y Prospectiva | I81: SÍ | J81: Gestión del cambio del nuevo modelo operacional | K81: Gestión | L81: Eficacia | M81: Programación anual | N81: (Actividades ejecutadas del plan de gestión del cambio asociadas al nuevo modelo operacional / Actividades del plan de gestión del cambio programadas )*100% | O81: Objetivo del indicador: medir el grado de cumplimiento del Plan de Gestión del Cambio asociado al nuevo modelo operacional. Numerador: corresponde a las actividades del Plan de Gestión del Cambio ejecutadas por la Oficina Asesora de Planeación con su respectiva evidencia. Denominador: corresponde a las actividades programadas en el Plan de Gestión del Cambio asociadas a etapas de socialización, sensibilización, gestión de conocimiento u otra requerida en la gestión del cambio del nuevo modelo operacional. El denominador es variable de acuerdo con posibles variaciones en la programación del plan de trabajo de gestión del cambio. | P81: 16 | Q81: Trimestral | R81: 13 | S81: 16 | T81: 0.8125 | U81: 1 | V81: 0.8125 | W81: Durante el último trimestre se realizaron las siguientes actividades, buscando acelerar la implementación del rediseño institucional: 1. Recordatorio semanal de la importancia de la actualización documental y alineación con el rediseño institucional 2. Reporte semanal de actualización de documentos en la intranet e invitación a actualizar los documentos. 3. Se actualizaron y publicaron las matrices de migración documental, publicadas en la intranet
A82: 75 | B82: Procesos | C82: 09. Garantizar la mejora continua del modelo de operación de la SAE basado en acciones de optimización, automatización, control y articulación de procesos contribuyendo a la reducción de tiempos, la transparencia en la operación y el cumplimiento de objetivos institucionales. | D82: Crear espacios de innovación y mejora que coadyuven a los objetivos estratégicos de SAE | E82: Implementar plan de trabajo de gestión del conocimiento e innovación | F82: Direccionamiento Estratégico | G82: Gobierno y Gestión de la Estrategia | H82: Dirección de Planeación y Prospectiva | I82: SÍ | J82: Gestión del conocimiento e innovación | K82: Gestión | L82: Eficacia | M82: Programación anual | N82: (Actividades ejecutadas del plan de trabajo de gestión del conocimiento e innovación / Actividades programadas dentro del plan de trabajo de gestión del conocimiento e innovación)*100% | O82: Objetivo del indicador: medir el grado de cumplimiento del Plan de Gestión del Conocimiento e Innovación Numerador: corresponde a las actividades ejecutadas del Plan de Gestión del Conocimiento e Innovación por parte de la Oficina Asesora de Planeación. Denominador: corresponde a las actividades programadas en el Plan de Gestión del Conocimiento e Innovación. El denominador es variable de acuerdo con posibles variaciones en la programación del plan de Gestión del Conocimiento e Innovación. | P82: 19 | Q82: Trimestral | R82: 15 | S82: 19 | T82: 0.78947368 | U82: 1 | V82: 0.78947368 | W82: Durante el último trimestre se realizaron las siguientes actividades 1. Se inició la revisión de los planes mencionados en el decreto 612 de 2018, por el cual se fijan directrices para la integración de los planes institucionales. 2. Se realizaron las gestiones para la racionalización del trámite de devolución de dinero. 3. Se inició el proceso de caracterización de los grupos de interés y grupos de valor, actualizando la información actual del 2016 4. Se inició el proceso de elaboración del portafolio de servicios, actualizando la información actualmente disponible del 2016 5. Se inició el proceso de migración a la plataforma Daruma para la disponibilidad de documentos, seguimiento a riesgos, seguimiento a la estrategia, y seguimiento a indicadores.
A83: 76 | B83: Procesos | C83: 09. Garantizar la mejora continua del modelo de operación de la SAE basado en acciones de optimización, automatización, control y articulación de procesos contribuyendo a la reducción de tiempos, la transparencia en la operación y el cumplimiento de objetivos institucionales. | D83: Fortalecer estrategias y espacios de control , seguimiento y aseguramiento en el marco de la misionalidad de SAE | E83: Participar en asambleas o juntas de socios de sociedades de liquidación | F83: Disposición Temporal | G83: Administración de Depósitos Provisionales Administración Directa | H83: Dirección de Seguimiento y Control de Liquidaciones | I83: SÍ | J83: Cumplimiento de plan de ejecución de asambleas o juntas de socios de sociedades en liquidación | K83: Gestión | L83: Eficacia | M83: Programación anual | N83: (Número de asambleas o juntas de socio realizadas / Total de asambleas o juntas de socios programadas) *100% | O83: Objetivo del indicador: medir el cumplimiento al plan de ejecución de asambleas de sociedades en liquidación con activos. Numerador: se considera como asambleas o juntas realizadas las que cuentan con acta suscrita por los dignatarios. Denominador: es el total de asambleas o juntas programadas por la Gerencia de Sociedades en Liquidación, con relación a las sociedades en liquidación con activos. | P83: 164 | Q83: Trimestral | R83: 171 | S83: 164 | T83: 1 | U83: 1 | V83: 1 | W83: Para el cuarto trimestre no se relizaron 6 asambleas extraordinarias de las sociedades el portafolio.
A84: 77 | B84: Procesos | C84: 09. Garantizar la mejora continua del modelo de operación de la SAE basado en acciones de optimización, automatización, control y articulación de procesos contribuyendo a la reducción de tiempos, la transparencia en la operación y el cumplimiento de objetivos institucionales. | D84: Estandarizar, optimizar y automatizar procesos de SAE de acuerdo a nuevo modelo operacional | E84: Implementar el Plan Estratégico de Talento Humano | F84: Gestión de Talento Humano | G84: Administración del Talento Humano Evaluación y Desarrollo Bienestar, Seguridad y Salud en el Trabajo Compensación | H84: Dirección de Talento Humano | I84: SÍ | J84: Cumplimiento del Plan Estratégico de Talento Humano | K84: Gestión | L84: Eficacia | M84: Programación por periodos | N84: (Actividades ejecutadas del Plan Estratégico Talento Humano / Actividades programadas del Plan Estratégico Talento Humano) * 100% | O84: Objetivo del indicador: medir el cumplimiento al Plan Estratégico de Gestión de Talento Humano: Numerador: corresponde a las actividades ejecutadas del Plan Estratégico de Gestión de Talento Humano. Denominador: corresponde a las actividades programadas en el Plan Estratégico de Gestión de Talento Humano. Las actividades programadas se encuentran desagregadas en los siguientes planes: * Plan de Responsabilidad Social Empresarial: Implementar un plan de acción enfocado a los derechos humanos del entorno social de la entidad, y comunidad priorizando las acciones pertinentes en el cumplimiento de los objetivos enmarcados en el programa y alineados con los objetivos de desarrollo sostenible. Haciendo de la empresa un ente moderno, transparente, ético y eficaz. Incluye las siguientes actividades: Equidad Inclusión y Genero, Alianzas y Talleres. * Plan del Sistema de Gestión de Salud y Seguridad en el Trabajo- SGSST: Proceso sistemático basado en el ciclo PHVA, que tiene como finalidad la prevención de accidentes de trabajo y la aparición de enfermedades laborales, enmarcado en el cumplimiento legal y la mejora continua. Así mismo incluye actividades relacionadas con sensibilización y manejo adecuado de los riesgos laborales generados por los factores de exposición pública. * Plan de Gestión Ambiental y Sostenibilidad: Mide la ejecución del cronograma de gestión ambiental y sostenibilidad donde se incluyen las estrategias establecidas para el año para el desarrollo y cumplimiento de los 5 lineamientos de la gestión ambiental: Dirección estratégica, control ambiental (programas de gestión ambiental), gestión del conocimiento y cultura, valoración de uso de los recursos naturales, planeación estratégica ambiental. Observación: este plan excluye el Programa de Bienestar y Calidad de Vida y el Programa Empresarial de Capacitación y Estrategia de Gestión del Conocimiento que se encuentran medidos en otros indicadores. | P84: 1 | Q84: Trimestral | R84: 382 | S84: 406 | T84: 0.9408867 | U84: 1 | V84: 0.9408867 | W84: El en cuarto trimestre del año, dentro de lo programación del plan de trabajo anual se ejecutaron 102 actividades de las 88 actividades programadas, alcanzando un cumplimiento de ejecución del 114%. Lo anterior se debe a que se ejecutaron 14 actividades que se habian programado en los trimestres anterioresy que no se habian podido ejecutar. Dentro de las actividades que no se ejecutaron se enmarcan en el plan de emergencias, programa de gestion del riesgo psicosocial, programa de gestion del riesgo vial, y proceso de certificacion en ISO 45001:2018. a lo largo de la vigencia la ejecuciòn a sido la siguiente: 1T: P97/E84: 84% 2T: P118/E109: 93% 3T: P103/ E87: 83% 4T: P 88 / E102. 114% | X84: La meta establecida en los objetivos estrategico para el plan de trabajo anual fue alcanzar un cumplimiento mayor al 93%, el cual se cumple al final de la vigencia con una ejecucion del 94.1%.
A85: 78 | B85: Procesos | C85: 09. Garantizar la mejora continua del modelo de operación de la SAE basado en acciones de optimización, automatización, control y articulación de procesos contribuyendo a la reducción de tiempos, la transparencia en la operación y el cumplimiento de objetivos institucionales. | D85: Fortalecer estrategias y espacios de control , seguimiento y aseguramiento en el marco de la misionalidad de SAE | E85: Implementar la estrategia preventiva disciplinaria de la entidad | F85: Talento Humano | G85: Administración del Talento Humano | H85: Dirección de Talento Humano | I85: SÍ | J85: Implementación de estrategia preventiva disciplinaria | K85: Gestión | L85: Eficacia | M85: Programación anual | N85: (Actividades ejecutadas de la Estrategia de Prevención Disciplinaria / Actividades programadas para la implementación de la Estrategia de Prevención Disciplinaria) *100% | O85: Objetivo del indicador: medir el cumplimiento de la Estrategia de Prevención Disciplinaria. Numerador: corresponde a la ejecución de actividades o iniciativas priorizadas en la vigencia relacionadas con la Estrategia de Prevención Disciplinaria. Denominador: corresponde a las actividades programadas en la vigencia relacionadas con la Estrategia de Prevención Disciplinaria. Este universo puede ser variable de acuerdo con el plan de trabajo establecido en materia de sensibilización, documentación u otras etapas necesarias para la estrategia de prevención disciplinaria. | P85: 1 | Q85: Trimestral | R85: 9 | S85: 9 | T85: 1 | U85: 1 | V85: 1 | W85: En el Cuarto trimestre, el GIT de Control Disciplinario Interno realizó las siguientes actividades: • Revisión y proposición de nueva versión del Reglamento Interno de Trabajo. • Realización de ocho jornadas de capacitación sobre procedimiento disciplinario laboral en jornadas de inducción y reinducción. Aprobación de la nueva versión del Procedimiento Disciplinario Laboral PR-TH-005. Realización de procedimientos disciplinarios y actividades de prevención.
